Workbook
Name CONCATENAR: CONCATENATE([2]Banco!$B1," ",[2]Banco!$C1)
Name Cot.LP.Banco: #REF!
Name Cot.LP.Banco: #REF!
Name Cot.LP.Cot: #REF!
Name Cot.LP.Cot: #REF!
Name Cot.LP.Cotacao: #REF!
Name Cot.LP.Cotacao: #REF!
Name Cot.LP.Empresa: #REF!
Name Cot.LP.Empresa: #REF!
Name Cot.LP.Indice: #REF!
Name Cot.LP.Indice: #REF!
Name DescForms: #REF!
Name DescForms: #REF!
Name DescForms: #REF!
Name DescForms: #REF!
Name EMPRESAS: OFFSET([3]Cotações!#REF!,1,0):OFFSET([3]Cotações!#REF!,-1,0)
Name EMPRESAS: OFFSET([3]Cotações!#REF!,1,0):OFFSET([3]Cotações!#REF!,-1,0)
Name EMPRESAS: OFFSET([4]Cotações!#REF!,1,0):OFFSET([4]Cotações!#REF!,-1,0)
Name EMPRESAS: OFFSET([4]Cotações!#REF!,1,0):OFFSET([4]Cotações!#REF!,-1,0)
Name FiltroCot: #REF!
Name FiltroCot: #REF!
Name INDICES: OFFSET([3]Cotações!#REF!,1,0):OFFSET([3]Cotações!#REF!,-1,0)
Name INDICES: OFFSET([3]Cotações!#REF!,1,0):OFFSET([3]Cotações!#REF!,-1,0)
Name INDICES: OFFSET([4]Cotações!#REF!,1,0):OFFSET([4]Cotações!#REF!,-1,0)
Name INDICES: OFFSET([4]Cotações!#REF!,1,0):OFFSET([4]Cotações!#REF!,-1,0)
Name NCOMPOSICOES: 27
Name NCOTACOES: 19
Name NEMPRESAS: 33
Name NINDICES: 3
Name NRELATORIOS: COUNTA([2]Relatórios!$A:$A)-2
Name NumerEmpresa: 33
Name NumerIndice: 3
Name Objeto: "Referência"
Name OQUE: #REF!
Name OQUE: #REF!
Name PLANOS: #REF!
Name PLANOS: #REF!
Name PLANOS: #REF!
Name PLANOS: #REF!
Name PLANOS.: #REF!
Name PLANOS.: #REF!
Name PLANOS.: #REF!
Name PLANOS.: #REF!
Name RelatoriosFontes: OFFSET([2]Relatórios!$A$5,1,0,NRELATORIOS)
Name RelatoriosFontes: OFFSET([2]Relatórios!$A$5,1,0,NRELATORIOS)

Sheet DADOS
A1: DADOS INICIAIS
A3: DADOS DO MUNICÍPIO
A4: Proponente/Tomador: | B4: PREFEITURA MUNICIPAL DE SÃO FELIPE
A5: Município/UF: | B5: SÃO FELIPE/BA
A7: DADOS DO EMPREENDIMENTO E ORÇAMENTO
A8: Nome/Objeto: | B8: REFORMA DE UNIDADES DE SAÚDE NO MUNICIPIO DE SÃO FELIPE:UNIDADE INOCÊNCIO
A9: Descrição: | B9: REFORMA DE UNIDADES DE SAÚDE NO MUNICIPIO DE SÃO FELIPE:UNIDADE INOCÊNCIO
A10: Data-Base do Orçamento: | B10: SINAPI - 01/2026 - Bahia ORSE - 12/2025 - Sergipe
A11: Valor do BDI (%): | B11: =BDI!N38 -> 0.2035
A12: BDI: | B12: =1+B11 -> 1.2035
A14: RESPONSÁVEL PELO ORÇAMENTO
A15: Nome: | B15: Eliabe Vitória
A16: Título: | B16: Engenheiro Civil
A17: CREA/CAU: | B17: CREA-BA 051487735-9
A18: Data do Preenchimento: | B18: =TODAY() -> 46099
A20: RESPONSÁVEL PELO TOMADOR (PREFEITO)
A21: Nome:
A22: Cargo: | B22: Prefeito Municipal
A25: ORÇAMENTO
A27: DADOS DA OBRA
A28: Usuário
A29: Descrição
A30: Nº do Orçamento:
A33: ACOMPANHAMENTO DO EMPREENDIMENTO
A35: DADOS DA OBRA
A36: Data de Início da Obra: | B36: 46076
A37: Data do Fechamento do BM:
A39: RESPONSÁVEL PELA FISCALIZAÇÃO
A40: Nome:
A41: Título:
A42: CREA/CAU:

Sheet BDI
E1: MIN | F1: MED | G1: MAX | N1: ="Quadro de Composição do BDI "&MID(CELL("nome.arquivo",N1),5+FIND("BDI (",CELL("nome.arquivo",N1)),1) -> #VALUE!
A2: Construção e Reforma de Edifícios | B2: AC | C2: =CONCATENATE(A2,"-",B2) -> Construção e Reforma de Edifícios-AC | E2: 0.03 | F2: 0.04 | G2: 0.055
A3: =A2 -> Construção e Reforma de Edifícios | B3: SG | C3: =CONCATENATE(A3,"-",B3) -> Construção e Reforma de Edifícios-SG | E3: 0.008 | F3: 0.008 | G3: 0.01
A4: =A3 -> Construção e Reforma de Edifícios | B4: R | C4: =CONCATENATE(A4,"-",B4) -> Construção e Reforma de Edifícios-R | E4: 0.0097 | F4: 0.0127 | G4: 0.0127 | I4: Nº TC/CR | K4: PROPONENTE / TOMADOR
A5: =A4 -> Construção e Reforma de Edifícios | B5: DF | C5: =CONCATENATE(A5,"-",B5) -> Construção e Reforma de Edifícios-DF | E5: 0.0059 | F5: 0.0123 | G5: 0.0139 | I5: 1039250-00 | K5: Prefeitura Municipal
I6: QUADRO DE COMPOSIÇÃO DE BDI
A7: =A5 -> Construção e Reforma de Edifícios | B7: L | C7: =CONCATENATE(A7,"-",B7) -> Construção e Reforma de Edifícios-L | E7: 0.0616 | F7: 0.074 | G7: 0.0896
A8: =A7 -> Construção e Reforma de Edifícios | B8: BDI PAD | C8: =CONCATENATE(A8,"-",B8) -> Construção e Reforma de Edifícios-BDI PAD | E8: 0.2034 | F8: 0.2212 | G8: 0.25 | I8: OBJETO
A9: Construção de Praças Urbanas, Rodovias, Ferrovias e recapeamento e pavimentação de vias urbanas | B9: AC | C9: =CONCATENATE(A9,"-",B9) -> Construção de Praças Urbanas, Rodovias, Ferrovias e recapeamento e pavimentação de vias urbanas-AC | E9: 0.038 | F9: 0.0401 | G9: 0.0467 | I9: PROJETO DE SINALIZAÇÃO E ADEQUAÇÃO DO CANTEIRO
A10: Construção de Praças Urbanas, Rodovias, Ferrovias e recapeamento e pavimentação de vias urbanas | B10: SG | C10: =CONCATENATE(A10,"-",B10) -> Construção de Praças Urbanas, Rodovias, Ferrovias e recapeamento e pavimentação de vias urbanas-SG | E10: 0.0032 | F10: 0.004 | G10: 0.0074
I15: 01 – NOME DA PREFEITURA PROPONENTE: | N15: 02 – DESCRIÇÃO:
I16: =DADOS!B4 -> PREFEITURA MUNICIPAL DE SÃO FELIPE | N16: =DADOS!B8 -> REFORMA DE UNIDADES DE SAÚDE NO MUNICIPIO DE SÃO FELIPE:UNIDADE INOCÊNCIO
I17: 03 –LOCALIDADE: | N17: 04 –DATA:
I18: =DADOS!B5 -> SÃO FELIPE/BA | N18: =DADOS!B18 -> 46099
I20: QUADRO DE COMPOSIÇÃO DE BDI
A22: Construção de Praças Urbanas, Rodovias, Ferrovias e recapeamento e pavimentação de vias urbanas | B22: R | C22: =CONCATENATE(A22,"-",B22) -> Construção de Praças Urbanas, Rodovias, Ferrovias e recapeamento e pavimentação de vias urbanas-R | E22: 0.005 | F22: 0.0056 | G22: 0.0097 | I22: TIPO DE OBRA DO EMPREENDIMENTO | Q22: DESONERAÇÃO
A23: Construção de Praças Urbanas, Rodovias, Ferrovias e recapeamento e pavimentação de vias urbanas | B23: DF | C23: =CONCATENATE(A23,"-",B23) -> Construção de Praças Urbanas, Rodovias, Ferrovias e recapeamento e pavimentação de vias urbanas-DF | E23: 0.0102 | F23: 0.0111 | G23: 0.0121 | I23: Construção e Reforma de Edifícios | Q23: Não
A24: Construção de Praças Urbanas, Rodovias, Ferrovias e recapeamento e pavimentação de vias urbanas | B24: L | C24: =CONCATENATE(A24,"-",B24) -> Construção de Praças Urbanas, Rodovias, Ferrovias e recapeamento e pavimentação de vias urbanas-L | E24: 0.0664 | F24: 0.073 | G24: 0.0869
A25: Construção de Praças Urbanas, Rodovias, Ferrovias e recapeamento e pavimentação de vias urbanas | B25: BDI PAD | C25: =CONCATENATE(A25,"-",B25) -> Construção de Praças Urbanas, Rodovias, Ferrovias e recapeamento e pavimentação de vias urbanas-BDI PAD | E25: 0.196 | F25: 0.2097 | G25: 0.2423 | I25: Conforme legislação tributária municipal, definir estimativa de percentual da base de cálculo para o ISS: | Q25: 0.5
A26: Construção de Redes de Abastecimento de Água, Coleta de Esgoto | B26: AC | C26: =CONCATENATE(A26,"-",B26) -> Construção de Redes de Abastecimento de Água, Coleta de Esgoto-AC | E26: 0.0343 | F26: 0.0493 | G26: 0.0671 | I26: Sobre a base de cálculo, definir a respectiva alíquota do ISS (entre 2% e 5%): | Q26: 0.05
A27: =A26 -> Construção de Redes de Abastecimento de Água, Coleta de Esgoto | B27: SG | C27: =CONCATENATE(A27,"-",B27) -> Construção de Redes de Abastecimento de Água, Coleta de Esgoto-SG | E27: 0.0028 | F27: 0.0049 | G27: 0.0075
I28: Itens | M28: Siglas | N28: % Adotado | O28: Situação | P28: 1º Quartil | Q28: Médio | R28: 3º Quartil | T28: =IF(V39,"Para BDI fora do intervalo estatístico, deve ser apresentado Relatório Técnico Circunstanciado justificando a adoção do percentual de cada parcela do BDI.","")
A29: =A27 -> Construção de Redes de Abastecimento de Água, Coleta de Esgoto | B29: R | C29: =CONCATENATE(A29,"-",B29) -> Construção de Redes de Abastecimento de Água, Coleta de Esgoto-R | E29: 0.01 | F29: 0.0139 | G29: 0.0174
A30: =A29 -> Construção de Redes de Abastecimento de Água, Coleta de Esgoto | B30: DF | C30: =CONCATENATE(A30,"-",B30) -> Construção de Redes de Abastecimento de Água, Coleta de Esgoto-DF | E30: 0.0094 | F30: 0.0099 | G30: 0.0117 | I30: =IF($I$23=$A$71,"Encargos Sociais incidentes sobre a mão de obra","Administração Central") -> Administração Central | M30: =IF($I$23=$A$71,"K1","AC") -> AC | N30: 0.04 | O30: - | P30: =VLOOKUP(CONCATENATE(I$23,"-",M30),$C$2:$G$61,3,FALSE) -> 0.03 | Q30: =VLOOKUP(CONCATENATE(I$23,"-",M30),$C$2:$G$61,4,FALSE) -> 0.04 | R30: =VLOOKUP(CONCATENATE(I$23,"-",M30),$C$2:$G$61,5,FALSE) -> 0.055
A31: =A30 -> Construção de Redes de Abastecimento de Água, Coleta de Esgoto | B31: L | C31: =CONCATENATE(A31,"-",B31) -> Construção de Redes de Abastecimento de Água, Coleta de Esgoto-L | E31: 0.0674 | F31: 0.0804 | G31: 0.094 | I31: =IF($I$23=$A$71,"Administração Central da empresa ou consultoria - overhead","Seguro e Garantia") -> Seguro e Garantia | M31: =IF($I$23=$A$71,"K2","SG") -> SG | N31: 0.008 | O31: - | P31: =VLOOKUP(CONCATENATE(I$23,"-",M31),$C$2:$G$61,3,FALSE) -> 0.008 | Q31: =VLOOKUP(CONCATENATE(I$23,"-",M31),$C$2:$G$61,4,FALSE) -> 0.008 | R31: =VLOOKUP(CONCATENATE(I$23,"-",M31),$C$2:$G$61,5,FALSE) -> 0.01
A32: =A31 -> Construção de Redes de Abastecimento de Água, Coleta de Esgoto | B32: BDI PAD | C32: =CONCATENATE(A32,"-",B32) -> Construção de Redes de Abastecimento de Água, Coleta de Esgoto-BDI PAD | E32: 0.2076 | F32: 0.2418 | G32: 0.2644 | I32: =IF($I$23=$A$71,"","Risco") -> Risco | M32: =IF($I$23=$A$71,"","R") -> R | N32: 0.0097 | O32: - | P32: =VLOOKUP(CONCATENATE(I$23,"-",M32),$C$2:$G$61,3,FALSE) -> 0.0097 | Q32: =VLOOKUP(CONCATENATE(I$23,"-",M32),$C$2:$G$61,4,FALSE) -> 0.0127 | R32: =VLOOKUP(CONCATENATE(I$23,"-",M32),$C$2:$G$61,5,FALSE) -> 0.0127
A33: Construção e Manutenção de Estações e Redes de Distribuição de Energia Elétrica | B33: AC | C33: =CONCATENATE(A33,"-",B33) -> Construção e Manutenção de Estações e Redes de Distribuição de Energia Elétrica-AC | E33: 0.0529 | F33: 0.0592 | G33: 0.0793 | I33: =IF($I$23=$A$71,"","Despesas Financeiras") -> Despesas Financeiras | M33: =IF($I$23=$A$71,"","DF") -> DF | N33: 0.0059 | O33: - | P33: =VLOOKUP(CONCATENATE(I$23,"-",M33),$C$2:$G$61,3,FALSE) -> 0.0059 | Q33: =VLOOKUP(CONCATENATE(I$23,"-",M33),$C$2:$G$61,4,FALSE) -> 0.0123 | R33: =VLOOKUP(CONCATENATE(I$23,"-",M33),$C$2:$G$61,5,FALSE) -> 0.0139
A34: =A33 -> Construção e Manutenção de Estações e Redes de Distribuição de Energia Elétrica | B34: SG | C34: =CONCATENATE(A34,"-",B34) -> Construção e Manutenção de Estações e Redes de Distribuição de Energia Elétrica-SG | E34: 0.0025 | F34: 0.0051 | G34: 0.0056 | I34: =IF($I$23=$A$71,"Margem bruta da empresa de consultoria","Lucro") -> Lucro | M34: =IF($I$23=$A$71,"K3","L") -> L | N34: 0.0616 | O34: - | P34: =VLOOKUP(CONCATENATE(I$23,"-",M34),$C$2:$G$61,3,FALSE) -> 0.0616 | Q34: =VLOOKUP(CONCATENATE(I$23,"-",M34),$C$2:$G$61,4,FALSE) -> 0.074 | R34: =VLOOKUP(CONCATENATE(I$23,"-",M34),$C$2:$G$61,5,FALSE) -> 0.0896
A35: =A34 -> Construção e Manutenção de Estações e Redes de Distribuição de Energia Elétrica | B35: R | C35: =CONCATENATE(A35,"-",B35) -> Construção e Manutenção de Estações e Redes de Distribuição de Energia Elétrica-R | E35: 0.01 | F35: 0.0148 | G35: 0.0197 | I35: Tributos (impostos COFINS 3%, e PIS 0,65%) | M35: CP | N35: 0.0365 | O35: - | P35: 0.0365 | Q35: 0.0365 | R35: 0.0365
A36: =A35 -> Construção e Manutenção de Estações e Redes de Distribuição de Energia Elétrica | B36: DF | C36: =CONCATENATE(A36,"-",B36) -> Construção e Manutenção de Estações e Redes de Distribuição de Energia Elétrica-DF | E36: 0.0101 | F36: 0.0107 | G36: 0.0111 | I36: Tributos (ISS, variável de acordo com o município) | M36: ISS | N36: =IF($I$23<>$A$70,Q26*Q25,0) -> 0.025 | O36: - | P36: 0 | Q36: 0.025 | R36: 0.05
A37: =A36 -> Construção e Manutenção de Estações e Redes de Distribuição de Energia Elétrica | B37: L | C37: =CONCATENATE(A37,"-",B37) -> Construção e Manutenção de Estações e Redes de Distribuição de Energia Elétrica-L | E37: 0.08 | F37: 0.0831 | G37: 0.0951 | I37: Tributos (Contribuição Previdenciária sobre a Receita Bruta - 0% ou 4,5% - Desoneração) | M37: CPRB | N37: =IF(AND($I$23<>$A$70,Q23="Sim"),4.5%,0%) -> 0 | O37: =IF(AND(N37>=P37, N37<=R37), "OK", "Não OK") -> OK | P37: 0 | Q37: 0.045 | R37: 0.045
A38: =A37 -> Construção e Manutenção de Estações e Redes de Distribuição de Energia Elétrica | B38: BDI PAD | C38: =CONCATENATE(A38,"-",B38) -> Construção e Manutenção de Estações e Redes de Distribuição de Energia Elétrica-BDI PAD | E38: 0.24 | F38: 0.2584 | G38: 0.2786 | I38: BDI SEM desoneração (Fórmula Acórdão TCU) | M38: BDI PAD | N38: =IF($I$23=$A$70,0,ROUND((((1+N30+N31+N32)*(1+N33)*(1+N34)/(1-(N35+N36)))-1),4)) -> 0.2035 | O38: =IF(OR($I$23=$A$71,$I$23=$A$70,AND(N38>=P38, N38<=R38)), "OK", "FORA DO INTERVALO") -> OK | P38: =IF($I$23=$A$70,0,VLOOKUP(CONCATENATE($I$23,"-",$M38),$C$2:$G$61,3,FALSE)) -> 0.2034 | Q38: =IF($I$23=$A$70,0,VLOOKUP(CONCATENATE($I$23,"-",$M38),$C$2:$G$61,4,FALSE)) -> 0.2212 | R38: =IF($I$23=$A$70,0,VLOOKUP(CONCATENATE($I$23,"-",$M38),$C$2:$G$61,5,FALSE)) -> 0.25
A39: Obras Portuárias, Marítimas e Fluviais | B39: AC | C39: =CONCATENATE(A39,"-",B39) -> Obras Portuárias, Marítimas e Fluviais-AC | E39: 0.04 | F39: 0.0552 | G39: 0.0785 | I39: BDI COM desoneração | M39: BDI DES | N39: =IF($I$23=$A$70,0,ROUND((((1+N30+N31+N32)*(1+N33)*(1+N34)/(1-(N35+N36+N37)))-1),4)) -> 0.2035 | O39: =IF(Q23<>"Sim","",O38) | V39: =AND(COUNTA(N30:N35)=6,O38<>"ok",NOT(V41)) -> FALSE | W39: pedir anexo
A40: =A39 -> Obras Portuárias, Marítimas e Fluviais | B40: SG | C40: =CONCATENATE(A40,"-",B40) -> Obras Portuárias, Marítimas e Fluviais-SG | E40: 0.0081 | F40: 0.0122 | G40: 0.0199
A41: =A40 -> Obras Portuárias, Marítimas e Fluviais | B41: R | C41: =CONCATENATE(A41,"-",B41) -> Obras Portuárias, Marítimas e Fluviais-R | E41: 0.0146 | F41: 0.0232 | G41: 0.0316 | I41: =IF(V41,"X","") | J41: Anexo: Relatório Técnico Circunstanciado justificando a adoção do percentual de cada parcela do BDI. | V41: FALSE | W41: anexo apresentado
I43: Os valores de BDI foram calculados com o emprego da fórmula:
A44: =A41 -> Obras Portuárias, Marítimas e Fluviais | B44: DF | C44: =CONCATENATE(A44,"-",B44) -> Obras Portuárias, Marítimas e Fluviais-DF | E44: 0.0094 | F44: 0.0102 | G44: 0.0133 | L44: =IF(Q23="Sim","BDI.DES =","BDI.PAD =") -> BDI.PAD = | M44: =IF($I$23=$A$71,"(1+K1+K2)*(1+K3)","(1+AC + S + R + G)*(1 + DF)*(1+L)") -> (1+AC + S + R + G)*(1 + DF)*(1+L) | P44: - 1
A45: =A44 -> Obras Portuárias, Marítimas e Fluviais | B45: L | C45: =CONCATENATE(A45,"-",B45) -> Obras Portuárias, Marítimas e Fluviais-L | E45: 0.0714 | F45: 0.084 | G45: 0.1043 | M45: =IF(Q23="Sim","(1-CP-ISS-CRPB)","(1-CP-ISS)") -> (1-CP-ISS)
A46: =A45 -> Obras Portuárias, Marítimas e Fluviais | B46: BDI PAD | C46: =CONCATENATE(A46,"-",B46) -> Obras Portuárias, Marítimas e Fluviais-BDI PAD | E46: 0.228 | F46: 0.2748 | G46: 0.3095
I47: =CONCATENATE("Declaro para os devidos fins que, conforme legislação tributária municipal, a base de cálculo para ",I23,", é de ",Q25*100,"%, com a respectiva alíquota de ",Q26*100,"%.") -> Declaro para os devidos fins que, conforme legislação tributária municipal, a base de cálculo para Construção e Reforma de Edifícios, é de 50%, com a respectiva alíquota de 5%.
I49: =CONCATENATE("Declaro para os devidos fins que o regime de Contribuição Previdenciária sobre a Receita Bruta adotado para elaboração do orçamento foi ",IF(Q23="Sim","COM","SEM")," Desoneração, e que esta é a alternativa mais adequada para a Administração Pública.") -> Declaro para os devidos fins que o regime de Contribuição Previdenciária sobre a Receita Bruta adotado para elaboração do orçamento foi SEM Desoneração, e que esta é a alternativa mais adequada para a Administração Pública.
A50: Fornecimento de Materiais e Equipamentos (aquisição indireta - em conjunto com licitação de obras) | B50: AC | C50: =CONCATENATE(A50,"-",B50) -> Fornecimento de Materiais e Equipamentos (aquisição indireta - em conjunto com licitação de obras)-AC | E50: 0.015 | F50: 0.0345 | G50: 0.0449
A51: =A50 -> Fornecimento de Materiais e Equipamentos (aquisição indireta - em conjunto com licitação de obras) | B51: SG | C51: =CONCATENATE(A51,"-",B51) -> Fornecimento de Materiais e Equipamentos (aquisição indireta - em conjunto com licitação de obras)-SG | E51: 0.003 | F51: 0.0048 | G51: 0.0082 | I51: Observações:
A52: =A51 -> Fornecimento de Materiais e Equipamentos (aquisição indireta - em conjunto com licitação de obras) | B52: R | C52: =CONCATENATE(A52,"-",B52) -> Fornecimento de Materiais e Equipamentos (aquisição indireta - em conjunto com licitação de obras)-R | E52: 0.0056 | F52: 0.0085 | G52: 0.0089
A53: =A52 -> Fornecimento de Materiais e Equipamentos (aquisição indireta - em conjunto com licitação de obras) | B53: DF | C53: =CONCATENATE(A53,"-",B53) -> Fornecimento de Materiais e Equipamentos (aquisição indireta - em conjunto com licitação de obras)-DF | E53: 0.0085 | F53: 0.0085 | G53: 0.0111
A54: =A53 -> Fornecimento de Materiais e Equipamentos (aquisição indireta - em conjunto com licitação de obras) | B54: L | C54: =CONCATENATE(A54,"-",B54) -> Fornecimento de Materiais e Equipamentos (aquisição indireta - em conjunto com licitação de obras)-L | E54: 0.035 | F54: 0.0511 | G54: 0.0622 | I54: =DADOS!B5 -> SÃO FELIPE/BA | O54: =DADOS!B18 -> 46099
A55: =A54 -> Fornecimento de Materiais e Equipamentos (aquisição indireta - em conjunto com licitação de obras) | B55: BDI PAD | C55: =CONCATENATE(A55,"-",B55) -> Fornecimento de Materiais e Equipamentos (aquisição indireta - em conjunto com licitação de obras)-BDI PAD | E55: 0.111 | F55: 0.1402 | G55: 0.168 | I55: Local | O55: Data
A56: Estudos e Projetos, Planos e Gerenciamento e outros correlatos | B56: K1 | C56: =CONCATENATE(A56,"-",B56) -> Estudos e Projetos, Planos e Gerenciamento e outros correlatos-K1 | E56: - | F56: - | G56: -
A57: =A56 -> Estudos e Projetos, Planos e Gerenciamento e outros correlatos | B57: K2 | C57: =CONCATENATE(A57,"-",B57) -> Estudos e Projetos, Planos e Gerenciamento e outros correlatos-K2 | E57: - | F57: 0.2 | G57: -
A58: =A57 -> Estudos e Projetos, Planos e Gerenciamento e outros correlatos | C58: =CONCATENATE(A58,"-",B58) -> Estudos e Projetos, Planos e Gerenciamento e outros correlatos- | E58: - | F58: - | G58: - | I58: Responsável Técnico
A59: =A58 -> Estudos e Projetos, Planos e Gerenciamento e outros correlatos | C59: =CONCATENATE(A59,"-",B59) -> Estudos e Projetos, Planos e Gerenciamento e outros correlatos- | E59: - | F59: - | G59: - | I59: Nome: | J59: =DADOS!B15 -> Eliabe Vitória
A60: =A59 -> Estudos e Projetos, Planos e Gerenciamento e outros correlatos | B60: K3 | C60: =CONCATENATE(A60,"-",B60) -> Estudos e Projetos, Planos e Gerenciamento e outros correlatos-K3 | E60: - | F60: 0.12 | G60: - | I60: Título: | J60: =DADOS!B16 -> Engenheiro Civil
A61: =A60 -> Estudos e Projetos, Planos e Gerenciamento e outros correlatos | B61: BDI PAD | C61: =CONCATENATE(A61,"-",B61) -> Estudos e Projetos, Planos e Gerenciamento e outros correlatos-BDI PAD | E61: - | F61: - | G61: - | I61: CREA/CAU: | J61: =DADOS!B17 -> CREA-BA 051487735-9
J62: 0
A64: Construção e Reforma de Edifícios
A65: Construção de Praças Urbanas, Rodovias, Ferrovias e recapeamento e pavimentação de vias urbanas
A66: Construção de Redes de Abastecimento de Água, Coleta de Esgoto
A67: Construção e Manutenção de Estações e Redes de Distribuição de Energia Elétrica
A68: Obras Portuárias, Marítimas e Fluviais
A69: Fornecimento de Materiais e Equipamentos (aquisição indireta - em conjunto com licitação de obras)
A70: Fornecimento de Materiais e Equipamentos (aquisição direta)
A71: Estudos e Projetos, Planos e Gerenciamento e outros correlatos

Sheet BDI INSUMO
E1: MIN | F1: MED | G1: MAX | N1: ="Quadro de Composição do BDI "&MID(CELL("nome.arquivo",N1),5+FIND("BDI (",CELL("nome.arquivo",N1)),1) -> #VALUE!
A2: Construção e Reforma de Edifícios | B2: AC | C2: =CONCATENATE(A2,"-",B2) -> Construção e Reforma de Edifícios-AC | E2: 0.03 | F2: 0.04 | G2: 0.055
A3: =A2 -> Construção e Reforma de Edifícios | B3: SG | C3: =CONCATENATE(A3,"-",B3) -> Construção e Reforma de Edifícios-SG | E3: 0.008 | F3: 0.008 | G3: 0.01
A4: =A3 -> Construção e Reforma de Edifícios | B4: R | C4: =CONCATENATE(A4,"-",B4) -> Construção e Reforma de Edifícios-R | E4: 0.0097 | F4: 0.0127 | G4: 0.0127 | I4: Nº TC/CR | K4: PROPONENTE / TOMADOR
A5: =A4 -> Construção e Reforma de Edifícios | B5: DF | C5: =CONCATENATE(A5,"-",B5) -> Construção e Reforma de Edifícios-DF | E5: 0.0059 | F5: 0.0123 | G5: 0.0139 | I5: 1039250-00 | K5: Prefeitura Municipal
I6: QUADRO DE COMPOSIÇÃO DE BDI
A7: =A5 -> Construção e Reforma de Edifícios | B7: L | C7: =CONCATENATE(A7,"-",B7) -> Construção e Reforma de Edifícios-L | E7: 0.0616 | F7: 0.074 | G7: 0.0896
A8: =A7 -> Construção e Reforma de Edifícios | B8: BDI PAD | C8: =CONCATENATE(A8,"-",B8) -> Construção e Reforma de Edifícios-BDI PAD | E8: 0.2034 | F8: 0.2212 | G8: 0.25 | I8: OBJETO
A9: Construção de Praças Urbanas, Rodovias, Ferrovias e recapeamento e pavimentação de vias urbanas | B9: AC | C9: =CONCATENATE(A9,"-",B9) -> Construção de Praças Urbanas, Rodovias, Ferrovias e recapeamento e pavimentação de vias urbanas-AC | E9: 0.038 | F9: 0.0401 | G9: 0.0467 | I9: PROJETO DE SINALIZAÇÃO E ADEQUAÇÃO DO CANTEIRO
A10: Construção de Praças Urbanas, Rodovias, Ferrovias e recapeamento e pavimentação de vias urbanas | B10: SG | C10: =CONCATENATE(A10,"-",B10) -> Construção de Praças Urbanas, Rodovias, Ferrovias e recapeamento e pavimentação de vias urbanas-SG | E10: 0.0032 | F10: 0.004 | G10: 0.0074
I12: PREFEITURA MUNICIPAL MUNIZ FERREIRA
I13: CNPJ: 13.796.461/0001-64
I14: Praça 30 de Julho, 168, Centro – CEP 44.575-000, Muniz Ferreira/BA TEL: (75) 3663-2113
I16: 01 – NOME DA PREFEITURA PROPONENTE: | N16: 02 – DESCRIÇÃO:
I17: =DADOS!B4 -> PREFEITURA MUNICIPAL DE SÃO FELIPE | N17: =DADOS!B8 -> REFORMA DE UNIDADES DE SAÚDE NO MUNICIPIO DE SÃO FELIPE:UNIDADE INOCÊNCIO
I18: 03 –LOCALIDADE: | N18: 04 –DATA:
I19: =DADOS!B5 -> SÃO FELIPE/BA | N19: =DADOS!B18 -> 46099
I21: QUADRO DE COMPOSIÇÃO DE BDI
A23: Construção de Praças Urbanas, Rodovias, Ferrovias e recapeamento e pavimentação de vias urbanas | B23: R | C23: =CONCATENATE(A23,"-",B23) -> Construção de Praças Urbanas, Rodovias, Ferrovias e recapeamento e pavimentação de vias urbanas-R | E23: 0.005 | F23: 0.0056 | G23: 0.0097 | I23: TIPO DE OBRA DO EMPREENDIMENTO | Q23: DESONERAÇÃO
A24: Construção de Praças Urbanas, Rodovias, Ferrovias e recapeamento e pavimentação de vias urbanas | B24: DF | C24: =CONCATENATE(A24,"-",B24) -> Construção de Praças Urbanas, Rodovias, Ferrovias e recapeamento e pavimentação de vias urbanas-DF | E24: 0.0102 | F24: 0.0111 | G24: 0.0121 | I24: Fornecimento de Materiais e Equipamentos (aquisição indireta - em conjunto com licitação de obras) | Q24: Não
A25: Construção de Praças Urbanas, Rodovias, Ferrovias e recapeamento e pavimentação de vias urbanas | B25: L | C25: =CONCATENATE(A25,"-",B25) -> Construção de Praças Urbanas, Rodovias, Ferrovias e recapeamento e pavimentação de vias urbanas-L | E25: 0.0664 | F25: 0.073 | G25: 0.0869
A26: Construção de Praças Urbanas, Rodovias, Ferrovias e recapeamento e pavimentação de vias urbanas | B26: BDI PAD | C26: =CONCATENATE(A26,"-",B26) -> Construção de Praças Urbanas, Rodovias, Ferrovias e recapeamento e pavimentação de vias urbanas-BDI PAD | E26: 0.196 | F26: 0.2097 | G26: 0.2423 | I26: Conforme legislação tributária municipal, definir estimativa de percentual da base de cálculo para o ISS: | Q26: 0.5
A27: Construção de Redes de Abastecimento de Água, Coleta de Esgoto | B27: AC | C27: =CONCATENATE(A27,"-",B27) -> Construção de Redes de Abastecimento de Água, Coleta de Esgoto-AC | E27: 0.0343 | F27: 0.0493 | G27: 0.0671 | I27: Sobre a base de cálculo, definir a respectiva alíquota do ISS (entre 2% e 5%): | Q27: 0.02
A28: =A27 -> Construção de Redes de Abastecimento de Água, Coleta de Esgoto | B28: SG | C28: =CONCATENATE(A28,"-",B28) -> Construção de Redes de Abastecimento de Água, Coleta de Esgoto-SG | E28: 0.0028 | F28: 0.0049 | G28: 0.0075
I29: Itens | M29: Siglas | N29: % Adotado | O29: Situação | P29: 1º Quartil | Q29: Médio | R29: 3º Quartil | T29: =IF(V40,"Para BDI fora do intervalo estatístico, deve ser apresentado Relatório Técnico Circunstanciado justificando a adoção do percentual de cada parcela do BDI.","")
A30: =A28 -> Construção de Redes de Abastecimento de Água, Coleta de Esgoto | B30: R | C30: =CONCATENATE(A30,"-",B30) -> Construção de Redes de Abastecimento de Água, Coleta de Esgoto-R | E30: 0.01 | F30: 0.0139 | G30: 0.0174
A31: =A30 -> Construção de Redes de Abastecimento de Água, Coleta de Esgoto | B31: DF | C31: =CONCATENATE(A31,"-",B31) -> Construção de Redes de Abastecimento de Água, Coleta de Esgoto-DF | E31: 0.0094 | F31: 0.0099 | G31: 0.0117 | I31: =IF($I$24=$A$72,"Encargos Sociais incidentes sobre a mão de obra","Administração Central") -> Administração Central | M31: =IF($I$24=$A$72,"K1","AC") -> AC | N31: 0.015 | O31: - | P31: =VLOOKUP(CONCATENATE(I$24,"-",M31),$C$2:$G$62,3,FALSE) -> 0.015 | Q31: =VLOOKUP(CONCATENATE(I$24,"-",M31),$C$2:$G$62,4,FALSE) -> 0.0345 | R31: =VLOOKUP(CONCATENATE(I$24,"-",M31),$C$2:$G$62,5,FALSE) -> 0.0449
A32: =A31 -> Construção de Redes de Abastecimento de Água, Coleta de Esgoto | B32: L | C32: =CONCATENATE(A32,"-",B32) -> Construção de Redes de Abastecimento de Água, Coleta de Esgoto-L | E32: 0.0674 | F32: 0.0804 | G32: 0.094 | I32: =IF($I$24=$A$72,"Administração Central da empresa ou consultoria - overhead","Seguro e Garantia") -> Seguro e Garantia | M32: =IF($I$24=$A$72,"K2","SG") -> SG | N32: 0.003 | O32: - | P32: =VLOOKUP(CONCATENATE(I$24,"-",M32),$C$2:$G$62,3,FALSE) -> 0.003 | Q32: =VLOOKUP(CONCATENATE(I$24,"-",M32),$C$2:$G$62,4,FALSE) -> 0.0048 | R32: =VLOOKUP(CONCATENATE(I$24,"-",M32),$C$2:$G$62,5,FALSE) -> 0.0082
A33: =A32 -> Construção de Redes de Abastecimento de Água, Coleta de Esgoto | B33: BDI PAD | C33: =CONCATENATE(A33,"-",B33) -> Construção de Redes de Abastecimento de Água, Coleta de Esgoto-BDI PAD | E33: 0.2076 | F33: 0.2418 | G33: 0.2644 | I33: =IF($I$24=$A$72,"","Risco") -> Risco | M33: =IF($I$24=$A$72,"","R") -> R | N33: 0.0056 | O33: - | P33: =VLOOKUP(CONCATENATE(I$24,"-",M33),$C$2:$G$62,3,FALSE) -> 0.0056 | Q33: =VLOOKUP(CONCATENATE(I$24,"-",M33),$C$2:$G$62,4,FALSE) -> 0.0085 | R33: =VLOOKUP(CONCATENATE(I$24,"-",M33),$C$2:$G$62,5,FALSE) -> 0.0089
A34: Construção e Manutenção de Estações e Redes de Distribuição de Energia Elétrica | B34: AC | C34: =CONCATENATE(A34,"-",B34) -> Construção e Manutenção de Estações e Redes de Distribuição de Energia Elétrica-AC | E34: 0.0529 | F34: 0.0592 | G34: 0.0793 | I34: =IF($I$24=$A$72,"","Despesas Financeiras") -> Despesas Financeiras | M34: =IF($I$24=$A$72,"","DF") -> DF | N34: 0.0085 | O34: - | P34: =VLOOKUP(CONCATENATE(I$24,"-",M34),$C$2:$G$62,3,FALSE) -> 0.0085 | Q34: =VLOOKUP(CONCATENATE(I$24,"-",M34),$C$2:$G$62,4,FALSE) -> 0.0085 | R34: =VLOOKUP(CONCATENATE(I$24,"-",M34),$C$2:$G$62,5,FALSE) -> 0.0111
A35: =A34 -> Construção e Manutenção de Estações e Redes de Distribuição de Energia Elétrica | B35: SG | C35: =CONCATENATE(A35,"-",B35) -> Construção e Manutenção de Estações e Redes de Distribuição de Energia Elétrica-SG | E35: 0.0025 | F35: 0.0051 | G35: 0.0056 | I35: =IF($I$24=$A$72,"Margem bruta da empresa de consultoria","Lucro") -> Lucro | M35: =IF($I$24=$A$72,"K3","L") -> L | N35: 0.035 | O35: - | P35: =VLOOKUP(CONCATENATE(I$24,"-",M35),$C$2:$G$62,3,FALSE) -> 0.035 | Q35: =VLOOKUP(CONCATENATE(I$24,"-",M35),$C$2:$G$62,4,FALSE) -> 0.0511 | R35: =VLOOKUP(CONCATENATE(I$24,"-",M35),$C$2:$G$62,5,FALSE) -> 0.0622
A36: =A35 -> Construção e Manutenção de Estações e Redes de Distribuição de Energia Elétrica | B36: R | C36: =CONCATENATE(A36,"-",B36) -> Construção e Manutenção de Estações e Redes de Distribuição de Energia Elétrica-R | E36: 0.01 | F36: 0.0148 | G36: 0.0197 | I36: Tributos (impostos COFINS 3%, e PIS 0,65%) | M36: CP | N36: 0.0365 | O36: - | P36: 0.0365 | Q36: 0.0365 | R36: 0.0365
A37: =A36 -> Construção e Manutenção de Estações e Redes de Distribuição de Energia Elétrica | B37: DF | C37: =CONCATENATE(A37,"-",B37) -> Construção e Manutenção de Estações e Redes de Distribuição de Energia Elétrica-DF | E37: 0.0101 | F37: 0.0107 | G37: 0.0111 | I37: Tributos (ISS, variável de acordo com o município) | M37: ISS | N37: =IF($I$24<>$A$71,Q27*Q26,0) -> 0.01 | O37: - | P37: 0 | Q37: 0.025 | R37: 0.05
A38: =A37 -> Construção e Manutenção de Estações e Redes de Distribuição de Energia Elétrica | B38: L | C38: =CONCATENATE(A38,"-",B38) -> Construção e Manutenção de Estações e Redes de Distribuição de Energia Elétrica-L | E38: 0.08 | F38: 0.0831 | G38: 0.0951 | I38: Tributos (Contribuição Previdenciária sobre a Receita Bruta - 0% ou 4,5% - Desoneração) | M38: CPRB | N38: =IF(AND($I$24<>$A$71,Q24="Sim"),4.5%,0%) -> 0 | O38: =IF(AND(N38>=P38, N38<=R38), "OK", "Não OK") -> OK | P38: 0 | Q38: 0.045 | R38: 0.045
A39: =A38 -> Construção e Manutenção de Estações e Redes de Distribuição de Energia Elétrica | B39: BDI PAD | C39: =CONCATENATE(A39,"-",B39) -> Construção e Manutenção de Estações e Redes de Distribuição de Energia Elétrica-BDI PAD | E39: 0.24 | F39: 0.2584 | G39: 0.2786 | I39: BDI SEM desoneração (Fórmula Acórdão TCU) | M39: BDI PAD | N39: =IF($I$24=$A$71,0,ROUND((((1+N31+N32+N33)*(1+N34)*(1+N35)/(1-(N36+N37)))-1),4)) -> 0.1205 | O39: =IF(OR($I$24=$A$72,$I$24=$A$71,AND(N39>=P39, N39<=R39)), "OK", "FORA DO INTERVALO") -> OK | P39: =IF($I$24=$A$71,0,VLOOKUP(CONCATENATE($I$24,"-",$M39),$C$2:$G$62,3,FALSE)) -> 0.111 | Q39: =IF($I$24=$A$71,0,VLOOKUP(CONCATENATE($I$24,"-",$M39),$C$2:$G$62,4,FALSE)) -> 0.1402 | R39: =IF($I$24=$A$71,0,VLOOKUP(CONCATENATE($I$24,"-",$M39),$C$2:$G$62,5,FALSE)) -> 0.168
A40: Obras Portuárias, Marítimas e Fluviais | B40: AC | C40: =CONCATENATE(A40,"-",B40) -> Obras Portuárias, Marítimas e Fluviais-AC | E40: 0.04 | F40: 0.0552 | G40: 0.0785 | I40: BDI COM desoneração | M40: BDI DES | N40: =IF($I$24=$A$71,0,ROUND((((1+N31+N32+N33)*(1+N34)*(1+N35)/(1-(N36+N37+N38)))-1),4)) -> 0.1205 | O40: =IF(Q24<>"Sim","",O39) | V40: =AND(COUNTA(N31:N36)=6,O39<>"ok",NOT(V42)) -> FALSE | W40: pedir anexo
A41: =A40 -> Obras Portuárias, Marítimas e Fluviais | B41: SG | C41: =CONCATENATE(A41,"-",B41) -> Obras Portuárias, Marítimas e Fluviais-SG | E41: 0.0081 | F41: 0.0122 | G41: 0.0199
A42: =A41 -> Obras Portuárias, Marítimas e Fluviais | B42: R | C42: =CONCATENATE(A42,"-",B42) -> Obras Portuárias, Marítimas e Fluviais-R | E42: 0.0146 | F42: 0.0232 | G42: 0.0316 | I42: =IF(V42,"X","") | J42: Anexo: Relatório Técnico Circunstanciado justificando a adoção do percentual de cada parcela do BDI. | V42: FALSE | W42: anexo apresentado
I44: Os valores de BDI foram calculados com o emprego da fórmula:
A45: =A42 -> Obras Portuárias, Marítimas e Fluviais | B45: DF | C45: =CONCATENATE(A45,"-",B45) -> Obras Portuárias, Marítimas e Fluviais-DF | E45: 0.0094 | F45: 0.0102 | G45: 0.0133 | L45: =IF(Q24="Sim","BDI.DES =","BDI.PAD =") -> BDI.PAD = | M45: =IF($I$24=$A$72,"(1+K1+K2)*(1+K3)","(1+AC + S + R + G)*(1 + DF)*(1+L)") -> (1+AC + S + R + G)*(1 + DF)*(1+L) | P45: - 1
A46: =A45 -> Obras Portuárias, Marítimas e Fluviais | B46: L | C46: =CONCATENATE(A46,"-",B46) -> Obras Portuárias, Marítimas e Fluviais-L | E46: 0.0714 | F46: 0.084 | G46: 0.1043 | M46: =IF(Q24="Sim","(1-CP-ISS-CRPB)","(1-CP-ISS)") -> (1-CP-ISS)
A47: =A46 -> Obras Portuárias, Marítimas e Fluviais | B47: BDI PAD | C47: =CONCATENATE(A47,"-",B47) -> Obras Portuárias, Marítimas e Fluviais-BDI PAD | E47: 0.228 | F47: 0.2748 | G47: 0.3095
I48: =CONCATENATE("Declaro para os devidos fins que, conforme legislação tributária municipal, a base de cálculo para ",I24,", é de ",Q26*100,"%, com a respectiva alíquota de ",Q27*100,"%.") -> Declaro para os devidos fins que, conforme legislação tributária municipal, a base de cálculo para Fornecimento de Materiais e Equipamentos (aquisição indireta - em conjunto com licitação de obras), é de 50%, com a respectiva alíquota de 2%.
I50: =CONCATENATE("Declaro para os devidos fins que o regime de Contribuição Previdenciária sobre a Receita Bruta adotado para elaboração do orçamento foi ",IF(Q24="Sim","COM","SEM")," Desoneração, e que esta é a alternativa mais adequada para a Administração Pública.") -> Declaro para os devidos fins que o regime de Contribuição Previdenciária sobre a Receita Bruta adotado para elaboração do orçamento foi SEM Desoneração, e que esta é a alternativa mais adequada para a Administração Pública.
A51: Fornecimento de Materiais e Equipamentos (aquisição indireta - em conjunto com licitação de obras) | B51: AC | C51: =CONCATENATE(A51,"-",B51) -> Fornecimento de Materiais e Equipamentos (aquisição indireta - em conjunto com licitação de obras)-AC | E51: 0.015 | F51: 0.0345 | G51: 0.0449
A52: =A51 -> Fornecimento de Materiais e Equipamentos (aquisição indireta - em conjunto com licitação de obras) | B52: SG | C52: =CONCATENATE(A52,"-",B52) -> Fornecimento de Materiais e Equipamentos (aquisição indireta - em conjunto com licitação de obras)-SG | E52: 0.003 | F52: 0.0048 | G52: 0.0082 | I52: Observações:
A53: =A52 -> Fornecimento de Materiais e Equipamentos (aquisição indireta - em conjunto com licitação de obras) | B53: R | C53: =CONCATENATE(A53,"-",B53) -> Fornecimento de Materiais e Equipamentos (aquisição indireta - em conjunto com licitação de obras)-R | E53: 0.0056 | F53: 0.0085 | G53: 0.0089
A54: =A53 -> Fornecimento de Materiais e Equipamentos (aquisição indireta - em conjunto com licitação de obras) | B54: DF | C54: =CONCATENATE(A54,"-",B54) -> Fornecimento de Materiais e Equipamentos (aquisição indireta - em conjunto com licitação de obras)-DF | E54: 0.0085 | F54: 0.0085 | G54: 0.0111
A55: =A54 -> Fornecimento de Materiais e Equipamentos (aquisição indireta - em conjunto com licitação de obras) | B55: L | C55: =CONCATENATE(A55,"-",B55) -> Fornecimento de Materiais e Equipamentos (aquisição indireta - em conjunto com licitação de obras)-L | E55: 0.035 | F55: 0.0511 | G55: 0.0622 | I55: =DADOS!B5 -> SÃO FELIPE/BA | O55: =DADOS!B18 -> 46099
A56: =A55 -> Fornecimento de Materiais e Equipamentos (aquisição indireta - em conjunto com licitação de obras) | B56: BDI PAD | C56: =CONCATENATE(A56,"-",B56) -> Fornecimento de Materiais e Equipamentos (aquisição indireta - em conjunto com licitação de obras)-BDI PAD | E56: 0.111 | F56: 0.1402 | G56: 0.168 | I56: Local | O56: Data
A57: Estudos e Projetos, Planos e Gerenciamento e outros correlatos | B57: K1 | C57: =CONCATENATE(A57,"-",B57) -> Estudos e Projetos, Planos e Gerenciamento e outros correlatos-K1 | E57: - | F57: - | G57: -
A58: =A57 -> Estudos e Projetos, Planos e Gerenciamento e outros correlatos | B58: K2 | C58: =CONCATENATE(A58,"-",B58) -> Estudos e Projetos, Planos e Gerenciamento e outros correlatos-K2 | E58: - | F58: 0.2 | G58: -
A59: =A58 -> Estudos e Projetos, Planos e Gerenciamento e outros correlatos | C59: =CONCATENATE(A59,"-",B59) -> Estudos e Projetos, Planos e Gerenciamento e outros correlatos- | E59: - | F59: - | G59: - | I59: Responsável Técnico
A60: =A59 -> Estudos e Projetos, Planos e Gerenciamento e outros correlatos | C60: =CONCATENATE(A60,"-",B60) -> Estudos e Projetos, Planos e Gerenciamento e outros correlatos- | E60: - | F60: - | G60: - | I60: Nome: | J60: =DADOS!B15 -> Eliabe Vitória
A61: =A60 -> Estudos e Projetos, Planos e Gerenciamento e outros correlatos | B61: K3 | C61: =CONCATENATE(A61,"-",B61) -> Estudos e Projetos, Planos e Gerenciamento e outros correlatos-K3 | E61: - | F61: 0.12 | G61: - | I61: Título: | J61: =DADOS!B16 -> Engenheiro Civil
A62: =A61 -> Estudos e Projetos, Planos e Gerenciamento e outros correlatos | B62: BDI PAD | C62: =CONCATENATE(A62,"-",B62) -> Estudos e Projetos, Planos e Gerenciamento e outros correlatos-BDI PAD | E62: - | F62: - | G62: - | I62: CREA/CAU: | J62: =DADOS!B17 -> CREA-BA 051487735-9
J63: 0
A65: Construção e Reforma de Edifícios
A66: Construção de Praças Urbanas, Rodovias, Ferrovias e recapeamento e pavimentação de vias urbanas
A67: Construção de Redes de Abastecimento de Água, Coleta de Esgoto
A68: Construção e Manutenção de Estações e Redes de Distribuição de Energia Elétrica
A69: Obras Portuárias, Marítimas e Fluviais
A70: Fornecimento de Materiais e Equipamentos (aquisição indireta - em conjunto com licitação de obras)
A71: Fornecimento de Materiais e Equipamentos (aquisição direta)
A72: Estudos e Projetos, Planos e Gerenciamento e outros correlatos

Sheet INOCÉNCIO B. DE CARVALHO
C2: ESTADO DA BAHIA
C3: PREFEITURA MUNICIPAL DE SÃO FELIPE
C4: Praça Cônego José Lourenço, 42 – Tel. (75) 3628-2021 CNPJ – 13.827.027/0001-02 CEP – 44. 550-000 – São Felipe – Ba
A6: 01 – NOME DA PREFEITURA PROPONENTE: | E6: 02 – DESCRIÇÃO:
A7: PREFEITURA MUNICIPAL DE SÃO FELIPE / BA | E7: REFORMA DE UNIDADES DE SAÚDE NO MUNICIPIO DE SÃO FELIPE
A8: 03 –LOCALIDADE: | E8: 04 - BANCOS: | H8: 05 - BDI: | I8: 06 - Regime previdênciário
A9: MUNICÍPIO DE SÃO FELIPE / BA | E9: =DADOS!B10 -> SINAPI - 01/2026 - Bahia ORSE - 12/2025 - Sergipe | H9: 0.2035 | I9: Não desonerado/ 117,73 %
N10: Manoel Cardoso
N11: Isidório Pereira
A12: PLANILHA ORÇAMENTÁRIA REFORMA USF INOCÉNCIO B. DE CARVALHO | N12: Inocêncio Barbosa
N13: Cirilo dos Santos
A14: Item | B14: Código | C14: Fonte | D14: Descrição dos Serviços | E14: Und | F14: Quantidade | G14: Valor Unit sem BDI | H14: Valor Unit com BDI | I14: Valor Total | N14: Germana Eufrosina
A15: 1.1 | B15: 90777 | C15: SINAPI | D15: ENGENHEIRO CIVIL DE OBRA JUNIOR COM ENCARGOS COMPLEMENTARES | E15: H | F15: 60 | G15: 145.87 | H15: =TRUNC(G15*1.2035,2) -> 175.55 | I15: =TRUNC(F15*H15,2) -> 10533
A16: 1.2 | B16: 90776 | C16: SINAPI | D16: ENCARREGADO GERAL COM ENCARGOS COMPLEMENTARES | E16: H | F16: 143 | G16: 47.2 | H16: =TRUNC(G16*1.2035,2) -> 56.8 | I16: =TRUNC(F16*H16,2) -> 8122.4
A17: 1.3 | B17: 103689 | C17: SINAPI | D17: FORNECIMENTO E INSTALAÇÃO DE PLACA DE OBRA COM CHAPA GALVANIZADA E ESTRUTURA DE MADEIRA. AF_03/2022_PS | E17: m² | F17: 8 | G17: 448.88 | H17: =TRUNC(G17*1.2035,2) -> 540.22 | I17: =TRUNC(F17*H17,2) -> 4321.76
A18: 1.4 | B18: 103247 | C18: SINAPI | D18: AR CONDICIONADO SPLIT INVERTER, HI-WALL (PAREDE), 12000 BTU/H, CICLO FRIO - FORNECIMENTO E INSTALAÇÃO. AF_11/2021_PE | E18: UN | F18: 7 | G18: 2777.74 | H18: =TRUNC(G18*1.2035,2) -> 3343.01 | I18: =TRUNC(F18*H18,2) -> 23401.07
A19: 1.5 | B19: 2104 | C19: ORSE | D19: Pia de cozinha com bancada em aço inox, dim 1,40x0,60, com 01 cuba, sifão cromado, válvula cromada, torneira cromada, concretada e assentada. | E19: un | F19: 1 | G19: 1103.95 | H19: =TRUNC(G19*1.2035,2) -> 1328.6 | I19: =TRUNC(F19*H19,2) -> 1328.6
A20: 1.6 | B20: 89867 | C20: SINAPI | D20: JOELHO 45 GRAUS, PVC, SOLDÁVEL, DN 25MM, INSTALADO EM DRENO DE AR-CONDICIONADO - FORNECIMENTO E INSTALAÇÃO. AF_08/2022 | E20: UN | F20: 12 | G20: 8.99 | H20: =TRUNC(G20*1.2035,2) -> 10.81 | I20: =TRUNC(F20*H20,2) -> 129.72
A21: 1.7 | B21: 104325 | C21: SINAPI | D21: CAIXA DE PASSAGEM PARA AR CONDICIONADO - FORNECIMENTO E INSTALAÇÃO. | E21: UN | F21: 7 | G21: 59.35 | H21: =TRUNC(G21*1.2035,2) -> 71.42 | I21: =TRUNC(F21*H21,2) -> 499.94
A22: 1.8 | B22: 89868 | C22: SINAPI | D22: LUVA, PVC, SOLDÁVEL, DN 25MM, INSTALADO EM DRENO DE AR-CONDICIONADO - FORNECIMENTO E INSTALAÇÃO. AF_08/2022 | E22: UN | F22: 7 | G22: 6.17 | H22: =TRUNC(G22*1.2035,2) -> 7.42 | I22: =TRUNC(F22*H22,2) -> 51.94
A23: 1.9 | B23: 89865 | C23: SINAPI | D23: TUBO, PVC, SOLDÁVEL, DE 25MM, INSTALADO EM DRENO DE AR-CONDICIONADO - FORNECIMENTO E INSTALAÇÃO. AF_08/2022 | E23: M | F23: 45 | G23: 19.28 | H23: =TRUNC(G23*1.2035,2) -> 23.2 | I23: =TRUNC(F23*H23,2) -> 1044
A24: 1.10 | B24: 86910 | C24: SINAPI | D24: TORNEIRA CROMADA TUBO MÓVEL, DE PAREDE, 1/2" OU 3/4", PARA PIA DE COZINHA, PADRÃO MÉDIO - FORNECIMENTO E INSTALAÇÃO. AF_01/2020 | E24: UN | F24: 5 | G24: 135.52 | H24: =TRUNC(G24*1.2035,2) -> 163.09 | I24: =TRUNC(F24*H24,2) -> 815.45
A25: 1.11 | B25: 100690 | C25: SINAPI | D25: KIT DE PORTA DE MADEIRA FRISADA, SEMI-OCA (LEVE OU MÉDIA), PADRÃO POPULAR, 80X210CM, ESPESSURA DE 3,5CM, ITENS INCLUSOS: DOBRADIÇAS, MONTAGEM E INSTALAÇÃO DE BATENTE, FECHADURA COM EXECUÇÃO DO FURO - FORNECIMENTO E INSTALAÇÃO. AF_10/2025 | E25: UN | F25: 3 | G25: 1122.64 | H25: =TRUNC(G25*1.2035,2) -> 1351.09 | I25: =TRUNC(F25*H25,2) -> 4053.27
A26: 1.12 | B26: 102220 | C26: SINAPI | D26: PINTURA TINTA DE ACABAMENTO (PIGMENTADA) ESMALTE SINTÉTICO BRILHANTE EM MADEIRA, 2 DEMÃOS. AF_01/2021 | E26: m² | F26: 27.72 | G26: 19.37 | H26: =TRUNC(G26*1.2035,2) -> 23.31 | I26: =TRUNC(F26*H26,2) -> 646.15
... A80: 1.66 | B80: 100982 | C80: SINAPI | D80: CARGA, MANOBRA E DESCARGA DE ENTULHO EM CAMINHÃO BASCULANTE 10 M³ - CARGA COM ESCAVADEIRA HIDRÁULICA (CAÇAMBA DE 0,80 M³ / 111 HP) E DESCARGA LIVRE (UNIDADE: M3). AF_07/2020 | E80: m³ | F80: 70 | G80: 9.42 | H80: =TRUNC(G80*1.2035,2) -> 11.33 | I80: =TRUNC(F80*H80,2) -> 793.1
H82: TOTAL GERAL | I82: =SUM(I15:I80) -> 295203.99
G87: _________________________
H88: Eng. Civil Eliabe Vitória
G89: CREA-BA 051487735-9

Sheet UNITÁRIOS
A1: LLES Engenharia e Projetos LTDA
A2: CNPJ 13.103.698/0001-12
A3: Rua Carlos Roque, 45, térreo – Centro – CEP 45.490-000, Laje - Ba TEL: (75) 97400 9292 – (75) 99805 2089, e-mail: contato@llesengenharia.com.br
AF4: BDI INSUMO | AG4: ='BDI INSUMO'!$N$39+1 -> 1.1205
A5: 01 – NOME DA PREFEITURA PROPONENTE: | E5: 02 – DESCRIÇÃO: | AC5: 03 - ENCARGOS SOCIAIS
A6: =DADOS!B4 -> PREFEITURA MUNICIPAL DE SÃO FELIPE | E6: =DADOS!B8 -> REFORMA DE UNIDADES DE SAÚDE NO MUNICIPIO DE SÃO FELIPE:UNIDADE INOCÊNCIO | AC6: NÃO DESONERADO: EMBUTIDO NOS PREÇOS UNITÁRIO DOS INSUMOS DE MÃO DE OBRA, DE ACORDO COM AS BASES. | AF6: BDI SERVIÇO | AG6: =DADOS!B12 -> 1.2035
A7: 04 –LOCALIDADE: | E7: 05 –DATA: | AA7: 06 - BANCOS: | AC7: 07 - BDI Serviço
A8: =DADOS!B5 -> SÃO FELIPE/BA | E8: =DADOS!B18 -> 46099 | AA8: =DADOS!B10 -> SINAPI - 01/2026 - Bahia ORSE - 12/2025 - Sergipe | AC8: =DADOS!B11 -> 0.2035 | AF8: Kappa PLANILHA: | AG8: 1 | AI8: Kappa ADM | AJ8: 1 | AL8: Kappa ADM | AM8: 1
A10: PLANILHA ORÇAMENTÁRIA SINTÉTICA
A12: Item | B12: Código | C12: Banco | D12: Descrição | E12: Und | F12: Quant. | G12: =#REF! -> #REF! | H12: =#REF! -> #REF! | I12: =#REF! -> #REF! | J12: =#REF! -> #REF! | K12: =#REF! -> #REF! | L12: =#REF! -> #REF! | M12: =#REF! -> #REF! | N12: =#REF! -> #REF! | ... Z12: =#REF! -> #REF! | AA12: Valor Unit | AB12: Valor Unit com BDI | AC12: Total | AD12: BDI
A13: =#REF! -> #REF! | D13: =#REF! -> #REF! | AC13: =SUM(AC14:AC15) -> #REF! | AG13: =AC35-AC13 -> #REF!
A14: =#REF! -> #REF! | B14: =#REF! -> #REF! | C14: =#REF! -> #REF! | D14: =#REF! -> #REF! | E14: =#REF! -> #REF! | F14: =SUM(G14:Z14) -> #REF! | G14: =ROUND(#REF!/20,2) -> #REF! | H14: =ROUND(#REF!/20,2) -> #REF! | I14: =ROUND(#REF!/20,2) -> #REF! | J14: =ROUND(#REF!/20,2) -> #REF! | K14: =ROUND(#REF!/20,2) -> #REF! | L14: =ROUND(#REF!/20,2) -> #REF! | M14: =ROUND(#REF!/20,2) -> #REF! | N14: =ROUND(#REF!/20,2) -> #REF! | ... Z14: =ROUND(#REF!/20,2) -> #REF! | AA14: =#REF! -> #REF! | AB14: =TRUNC(AA14*$AG$6,2) -> #REF! | AC14: =TRUNC(AB14*F14,2) -> #REF! | AD14: BDI SERVIÇO
A15: =#REF! -> #REF! | B15: =#REF! -> #REF! | C15: =#REF! -> #REF! | D15: =#REF! -> #REF! | E15: =#REF! -> #REF! | F15: =SUM(G15:Z15) -> #REF! | G15: =ROUND(#REF!/20,2) -> #REF! | H15: =ROUND(#REF!/20,2) -> #REF! | I15: =ROUND(#REF!/20,2) -> #REF! | J15: =ROUND(#REF!/20,2) -> #REF! | K15: =ROUND(#REF!/20,2) -> #REF! | L15: =ROUND(#REF!/20,2) -> #REF! | M15: =ROUND(#REF!/20,2) -> #REF! | N15: =ROUND(#REF!/20,2) -> #REF! | ... Z15: =ROUND(#REF!/20,2) -> #REF! | AA15: =#REF! -> #REF! | AB15: =TRUNC(AA15*$AG$6,2) -> #REF! | AC15: =TRUNC(AB15*F15,2) -> #REF! | AD15: BDI SERVIÇO | AG15: =AC13/AG13 -> #REF!
A16: 2 | D16: SERVIÇOS PRELIMINARES | AC16: =SUM(AC17:AC19) -> #REF!
A17: =#REF! -> #REF! | B17: =#REF! -> #REF! | C17: =#REF! -> #REF! | D17: =#REF! -> #REF! | E17: =#REF! -> #REF! | F17: =SUM(G17:Z17) -> #REF! | G17: =VLOOKUP(G$12,#REF!,10,0) -> #REF! | H17: =VLOOKUP(H$12,#REF!,10,0) -> #REF! | I17: =VLOOKUP(I$12,#REF!,10,0) -> #REF! | J17: =VLOOKUP(J$12,#REF!,10,0) -> #REF! | K17: =VLOOKUP(K$12,#REF!,10,0) -> #REF! | L17: =VLOOKUP(L$12,#REF!,10,0) -> #REF! | M17: =VLOOKUP(M$12,#REF!,10,0) -> #REF! | N17: =VLOOKUP(N$12,#REF!,10,0) -> #REF! | ... Z17: =VLOOKUP(Z$12,#REF!,10,0) -> #REF! | AA17: =#REF! -> #REF! | AB17: =TRUNC(AA17*$AG$6,2) -> #REF! | AC17: =TRUNC(AB17*F17,2) -> #REF! | AD17: BDI SERVIÇO
A18: =#REF! -> #REF! | B18: =#REF! -> #REF! | C18: =#REF! -> #REF! | D18: =#REF! -> #REF! | E18: =#REF! -> #REF! | F18: =SUM(G18:Z18) -> #REF! | G18: =VLOOKUP(G$12,#REF!,10,0) -> #REF! | H18: =VLOOKUP(H$12,#REF!,10,0) -> #REF! | I18: =VLOOKUP(I$12,#REF!,10,0) -> #REF! | J18: =VLOOKUP(J$12,#REF!,10,0) -> #REF! | K18: =VLOOKUP(K$12,#REF!,10,0) -> #REF! | L18: =VLOOKUP(L$12,#REF!,10,0) -> #REF! | M18: =VLOOKUP(M$12,#REF!,10,0) -> #REF! | N18: =VLOOKUP(N$12,#REF!,10,0) -> #REF! | ... Z18: =VLOOKUP(Z$12,#REF!,10,0) -> #REF! | AA18: =#REF! -> #REF! | AB18: =TRUNC(AA18*$AG$6,2) -> #REF! | AC18: =TRUNC(AB18*F18,2) -> #REF! | AD18: BDI SERVIÇO
A19: =#REF! -> #REF! | B19: =#REF! -> #REF! | C19: =#REF! -> #REF! | D19: =#REF! -> #REF! | E19: =#REF! -> #REF! | F19: =SUM(G19:Z19) -> #REF! | G19: =VLOOKUP(G$12,#REF!,10,0) -> #REF! | H19: =VLOOKUP(H$12,#REF!,10,0) -> #REF! | I19: =VLOOKUP(I$12,#REF!,10,0) -> #REF! | J19: =VLOOKUP(J$12,#REF!,10,0) -> #REF! | K19: =VLOOKUP(K$12,#REF!,10,0) -> #REF! | L19: =VLOOKUP(L$12,#REF!,10,0) -> #REF! | M19: =VLOOKUP(M$12,#REF!,10,0) -> #REF! | N19: =VLOOKUP(N$12,#REF!,10,0) -> #REF! | ... Z19: =VLOOKUP(Z$12,#REF!,10,0) -> #REF! | AA19: =#REF! -> #REF! | AB19: =TRUNC(AA19*$AG$6,2) -> #REF! | AC19: =TRUNC(AB19*F19,2) -> #REF! | AD19: BDI SERVIÇO
A20: 3 | D20: PAVIMENTAÇÃO | AC20: =SUM(AC21:AC24) -> #REF!
A21: =#REF! -> #REF! | B21: =#REF! -> #REF! | C21: =#REF! -> #REF! | D21: =#REF! -> #REF! | E21: =#REF! -> #REF! | F21: =SUM(G21:Z21) -> #REF! | G21: =VLOOKUP(G$12,#REF!,10,0) -> #REF! | H21: =VLOOKUP(H$12,#REF!,10,0) -> #REF! | I21: =VLOOKUP(I$12,#REF!,10,0) -> #REF! | J21: =VLOOKUP(J$12,#REF!,10,0) -> #REF! | K21: =VLOOKUP(K$12,#REF!,10,0) -> #REF! | L21: =VLOOKUP(L$12,#REF!,10,0) -> #REF! | M21: =VLOOKUP(M$12,#REF!,10,0) -> #REF! | N21: =VLOOKUP(N$12,#REF!,10,0) -> #REF! | ... Z21: =VLOOKUP(Z$12,#REF!,10,0) -> #REF! | AA21: =#REF! -> #REF! | AB21: =TRUNC(AA21*$AG$6,2) -> #REF! | AC21: =TRUNC(AB21*F21,2) -> #REF! | AD21: BDI SERVIÇO
A22: =#REF! -> #REF! | B22: =#REF! -> #REF! | C22: =#REF! -> #REF! | D22: =#REF! -> #REF! | E22: =#REF! -> #REF! | F22: =SUM(G22:Z22) -> #REF! | G22: =VLOOKUP(G$12,#REF!,2,0) -> #REF! | H22: =VLOOKUP(H$12,#REF!,2,0) -> #REF! | I22: =VLOOKUP(I$12,#REF!,2,0) -> #REF! | J22: =VLOOKUP(J$12,#REF!,2,0) -> #REF! | K22: =VLOOKUP(K$12,#REF!,2,0) -> #REF! | L22: =VLOOKUP(L$12,#REF!,2,0) -> #REF! | M22: =VLOOKUP(M$12,#REF!,2,0) -> #REF! | N22: =VLOOKUP(N$12,#REF!,2,0) -> #REF! | ... Z22: =VLOOKUP(Z$12,#REF!,2,0) -> #REF! | AA22: =#REF! -> #REF! | AB22: =TRUNC(AA22*$AG$6,2) -> #REF! | AC22: =TRUNC(AB22*F22,2) -> #REF! | AD22: BDI SERVIÇO
A23: =#REF! -> #REF! | B23: =#REF! -> #REF! | C23: =#REF! -> #REF! | D23: =#REF! -> #REF! | E23: =#REF! -> #REF! | F23: =SUM(G23:Z23) -> #REF! | G23: =VLOOKUP(G$12,#REF!,2,0) -> #REF! | H23: =VLOOKUP(H$12,#REF!,2,0) -> #REF! | I23: =VLOOKUP(I$12,#REF!,2,0) -> #REF! | J23: =VLOOKUP(J$12,#REF!,2,0) -> #REF! | K23: =VLOOKUP(K$12,#REF!,2,0) -> #REF! | L23: =VLOOKUP(L$12,#REF!,2,0) -> #REF! | M23: =VLOOKUP(M$12,#REF!,2,0) -> #REF! | N23: =VLOOKUP(N$12,#REF!,2,0) -> #REF! | ... Z23: =VLOOKUP(Z$12,#REF!,2,0) -> #REF! | AA23: =#REF! -> #REF! | AB23: =TRUNC(AA23*$AG$6,2) -> #REF! | AC23: =TRUNC(AB23*F23,2) -> #REF! | AD23: BDI SERVIÇO
A24: =#REF! -> #REF! | B24: =#REF! -> #REF! | C24: =#REF! -> #REF! | D24: =#REF! -> #REF! | E24: =#REF! -> #REF! | F24: =SUM(G24:Z24) -> #REF! | G24: =VLOOKUP(G$12,#REF!,10,0) -> #REF! | H24: =VLOOKUP(H$12,#REF!,10,0) -> #REF! | I24: =VLOOKUP(I$12,#REF!,10,0) -> #REF! | J24: =VLOOKUP(J$12,#REF!,10,0) -> #REF! | K24: =VLOOKUP(K$12,#REF!,10,0) -> #REF! | L24: =VLOOKUP(L$12,#REF!,10,0) -> #REF! | M24: =VLOOKUP(M$12,#REF!,10,0) -> #REF! | N24: =VLOOKUP(N$12,#REF!,10,0) -> #REF! | ... Z24: =VLOOKUP(Z$12,#REF!,10,0) -> #REF! | AA24: =#REF! -> #REF! | AB24: =TRUNC(AA24*$AG$6,2) -> #REF! | AC24: =TRUNC(AB24*F24,2) -> #REF! | AD24: BDI INSUMO
A25: 4 | D25: AQUISIÇÃO DE MATERIAL | AC25: =SUM(AC26:AC26) -> #REF!
A26: =#REF! -> #REF! | B26: =#REF! -> #REF! | C26: =#REF! -> #REF! | D26: =#REF! -> #REF! | E26: =#REF! -> #REF! | F26: =SUM(G26:Z26) -> #REF! | G26: =VLOOKUP(G$12,#REF!,2,0) -> #REF! | H26: =VLOOKUP(H$12,#REF!,2,0) -> #REF! | I26: =VLOOKUP(I$12,#REF!,2,0) -> #REF! | J26: =VLOOKUP(J$12,#REF!,2,0) -> #REF! | K26: =VLOOKUP(K$12,#REF!,2,0) -> #REF! | L26: =VLOOKUP(L$12,#REF!,2,0) -> #REF! | M26: =VLOOKUP(M$12,#REF!,2,0) -> #REF! | N26: =VLOOKUP(N$12,#REF!,2,0) -> #REF! | ... Z26: =VLOOKUP(Z$12,#REF!,2,0) -> #REF! | AA26: =#REF! -> #REF! | AB26: =TRUNC(AA26*$AG$6,2) -> #REF! | AC26: =TRUNC(AB26*F26,2) -> #REF! | AD26: BDI INSUMO
A27: 5 | D27: SINALIZAÇÃO | AC27: =SUM(AC28:AC33) -> #REF!
A28: =#REF! -> #REF! | B28: =#REF! -> #REF! | C28: =#REF! -> #REF! | D28: =#REF! -> #REF! | E28: =#REF! -> #REF! | F28: =SUM(G28:Z28) -> #REF! | G28: =VLOOKUP(G$12,#REF!,2,0) -> #REF! | H28: =VLOOKUP(H$12,#REF!,2,0) -> #REF! | I28: =VLOOKUP(I$12,#REF!,2,0) -> #REF! | J28: =VLOOKUP(J$12,#REF!,2,0) -> #REF! | K28: =VLOOKUP(K$12,#REF!,2,0) -> #REF! | L28: =VLOOKUP(L$12,#REF!,2,0) -> #REF! | M28: =VLOOKUP(M$12,#REF!,2,0) -> #REF! | N28: =VLOOKUP(N$12,#REF!,2,0) -> #REF! | ... Z28: =VLOOKUP(Z$12,#REF!,2,0) -> #REF! | AA28: =#REF! -> #REF! | AB28: =TRUNC(AA28*$AG$6,2) -> #REF! | AC28: =TRUNC(AB28*F28,2) -> #REF! | AD28: BDI SERVIÇO
A29: =#REF! -> #REF! | B29: =#REF! -> #REF! | C29: =#REF! -> #REF! | D29: =#REF! -> #REF! | E29: =#REF! -> #REF! | F29: =SUM(G29:Z29) -> #REF! | G29: =VLOOKUP(G$12,#REF!,10,0) -> #REF! | H29: =VLOOKUP(H$12,#REF!,10,0) -> #REF! | I29: =VLOOKUP(I$12,#REF!,10,0) -> #REF! | J29: =VLOOKUP(J$12,#REF!,10,0) -> #REF! | K29: =VLOOKUP(K$12,#REF!,10,0) -> #REF! | L29: =VLOOKUP(L$12,#REF!,10,0) -> #REF! | M29: =VLOOKUP(M$12,#REF!,10,0) -> #REF! | N29: =VLOOKUP(N$12,#REF!,10,0) -> #REF! | ... Z29: =VLOOKUP(Z$12,#REF!,10,0) -> #REF! | AA29: =#REF! -> #REF! | AB29: =TRUNC(AA29*$AG$6,2) -> #REF! | AC29: =TRUNC(AB29*F29,2) -> #REF! | AD29: BDI SERVIÇO
A30: =#REF! -> #REF! | B30: =#REF! -> #REF! | C30: =#REF! -> #REF! | D30: =#REF! -> #REF! | E30: =#REF! -> #REF! | F30: =SUM(G30:Z30) -> #REF! | G30: =VLOOKUP(G$12,#REF!,10,0) -> #REF! | H30: =VLOOKUP(H$12,#REF!,10,0) -> #REF! | I30: =VLOOKUP(I$12,#REF!,10,0) -> #REF! | J30: =VLOOKUP(J$12,#REF!,10,0) -> #REF! | K30: =VLOOKUP(K$12,#REF!,10,0) -> #REF! | L30: =VLOOKUP(L$12,#REF!,10,0) -> #REF! | M30: =VLOOKUP(M$12,#REF!,10,0) -> #REF! | N30: =VLOOKUP(N$12,#REF!,10,0) -> #REF! | ... Z30: =VLOOKUP(Z$12,#REF!,10,0) -> #REF! | AA30: =#REF! -> #REF! | AB30: =TRUNC(AA30*$AG$6,2) -> #REF! | AC30: =TRUNC(AB30*F30,2) -> #REF! | AD30: BDI SERVIÇO
A31: =#REF! -> #REF! | B31: =#REF! -> #REF! | C31: =#REF! -> #REF! | D31: =#REF! -> #REF! | E31: =#REF! -> #REF! | F31: =SUM(G31:Z31) -> #REF! | G31: =VLOOKUP(G$12,#REF!,10,0) -> #REF! | H31: =VLOOKUP(H$12,#REF!,10,0) -> #REF! | I31: =VLOOKUP(I$12,#REF!,10,0) -> #REF! | J31: =VLOOKUP(J$12,#REF!,10,0) -> #REF! | K31: =VLOOKUP(K$12,#REF!,10,0) -> #REF! | L31: =VLOOKUP(L$12,#REF!,10,0) -> #REF! | M31: =VLOOKUP(M$12,#REF!,10,0) -> #REF! | N31: =VLOOKUP(N$12,#REF!,10,0) -> #REF! | ... Z31: =VLOOKUP(Z$12,#REF!,10,0) -> #REF! | AA31: =#REF! -> #REF! | AB31: =TRUNC(AA31*$AG$6,2) -> #REF! | AC31: =TRUNC(AB31*F31,2) -> #REF! | AD31: BDI SERVIÇO
A32: =#REF! -> #REF! | B32: =#REF! -> #REF! | C32: =#REF! -> #REF! | D32: =#REF! -> #REF! | E32: =#REF! -> #REF! | F32: =SUM(G32:Z32) -> #REF! | G32: =VLOOKUP(G$12,#REF!,10,0) -> #REF! | H32: =VLOOKUP(H$12,#REF!,10,0) -> #REF! | I32: =VLOOKUP(I$12,#REF!,10,0) -> #REF! | J32: =VLOOKUP(J$12,#REF!,10,0) -> #REF! | K32: =VLOOKUP(K$12,#REF!,10,0) -> #REF! | L32: =VLOOKUP(L$12,#REF!,10,0) -> #REF! | M32: =VLOOKUP(M$12,#REF!,10,0) -> #REF! | N32: =VLOOKUP(N$12,#REF!,10,0) -> #REF! | ... Z32: =VLOOKUP(Z$12,#REF!,10,0) -> #REF! | AA32: =#REF! -> #REF! | AB32: =TRUNC(AA32*$AG$6,2) -> #REF! | AC32: =TRUNC(AB32*F32,2) -> #REF! | AD32: BDI SERVIÇO
A33: =#REF! -> #REF! | B33: =#REF! -> #REF! | C33: =#REF! -> #REF! | D33: =#REF! -> #REF! | E33: =#REF! -> #REF! | F33: =SUM(G33:Z33) -> #REF! | G33: =VLOOKUP(G$12,#REF!,10,0) -> #REF! | H33: =VLOOKUP(H$12,#REF!,10,0) -> #REF! | I33: =VLOOKUP(I$12,#REF!,10,0) -> #REF! | J33: =VLOOKUP(J$12,#REF!,10,0) -> #REF! | K33: =VLOOKUP(K$12,#REF!,10,0) -> #REF! | L33: =VLOOKUP(L$12,#REF!,10,0) -> #REF! | M33: =VLOOKUP(M$12,#REF!,10,0) -> #REF! | N33: =VLOOKUP(N$12,#REF!,10,0) -> #REF! | ... Z33: =VLOOKUP(Z$12,#REF!,10,0) -> #REF! | AA33: =#REF! -> #REF! | AB33: =TRUNC(AA33*$AG$6,2) -> #REF! | AC33: =TRUNC(AB33*F33,2) -> #REF! | AD33: BDI SERVIÇO
AB35: Total Geral | AC35: =AC27+AC25+AC20+AC16+AC13 -> #REF! | AF35: =#REF!-UNITÁRIOS!AC35 -> #REF!
A37: =DADOS!B5 -> SÃO FELIPE/BA | AB37: =DADOS!B18 -> 46099
A38: Local | AB38: Data
A42: Responsável Técnico
A43: Nome: | C43: =DADOS!B15 -> Eliabe Vitória
A44: Título: | C44: =DADOS!B16 -> Engenheiro Civil
A45: CREA/CAU: | C45: =DADOS!B17 -> CREA-BA 051487735-9

Sheet CRONOGRAMA
A1: LLES Engenharia e Projetos LTDA
A2: CNPJ 13.103.698/0001-12
A3: Rua Carlos Roque, 45, térreo – Centro – CEP 45.490-000, Laje - Ba TEL: (75) 97400 9292 – (75) 99805 2089, e-mail: contato@llesengenharia.com.br
A5: 01 – NOME DA PREFEITURA PROPONENTE: | C5: 02 – DESCRIÇÃO:
A6: =DADOS!B4 -> PREFEITURA MUNICIPAL DE SÃO FELIPE | C6: =DADOS!B8 -> REFORMA DE UNIDADES DE SAÚDE NO MUNICIPIO DE SÃO FELIPE:UNIDADE INOCÊNCIO
A7: 03 –LOCALIDADE: | C7: 04 –DATA:
A8: =DADOS!B5 -> SÃO FELIPE/BA | C8: =DADOS!B18 -> 46099
A10: CRONOGRAMA FÍSICO-FINANCEIRO
A12: Item | B12: Serviços | C12: =SUM(C14:C23) -> #REF! | D12: 30 Dias | E12: 60 Dias | F12: 90 Dias | G12: 120 Dias | H12: 150 Dias | I12: 180 Dias | J12: 210 Dias | K12: 240 Dias | L12: 270 Dias | M12: 300 Dias | N12: 330 Dias | O12: 360 Dias
A14: 1 | B14: =VLOOKUP(A14,#REF!,4) -> #REF! | C14: =VLOOKUP(A14,#REF!,9) -> #REF! | D14: 0.22879782 | E14: 0.29712609 | F14: 0.2902494 | G14: 0.1838267 | H14: 0 | I14: 0 | J14: 0 | K14: 0 | L14: 0 | M14: 0 | N14: 0 | O14: 0
D15: =D14*$C14 -> #REF! | E15: =E14*$C14 -> #REF! | F15: =F14*$C14 -> #REF! | G15: =G14*$C14 -> #REF! | H15: =H14*$C14 -> #REF! | I15: 0 | J15: 0 | K15: 0 | L15: 0 | M15: 0 | N15: 0 | O15: 0
A16: 2 | B16: =VLOOKUP(A16,#REF!,4) -> #REF! | C16: =VLOOKUP(A16,#REF!,9) -> #REF! | D16: 1 | E16: 0 | F16: 0 | G16: 0 | H16: 0 | I16: 0 | J16: 0 | K16: 0 | L16: 0 | M16: 0 | N16: 0 | O16: 0
D17: =D16*$C16 -> #REF! | E17: =E16*$C16 -> #REF! | F17: =F16*$C16 -> #REF! | G17: =G16*$C16 -> #REF! | H17: =H16*$C16 -> #REF! | I17: =I16*$C16 -> #REF! | J17: =J16*$C16 -> #REF! | K17: =K16*$C16 -> #REF! | ... O17: =O16*$C16 -> #REF! | Q17: =100/12 -> 8.3333333
A18: 3 | B18: =VLOOKUP(A18,#REF!,4) -> #REF! | C18: =VLOOKUP(A18,#REF!,9) -> #REF! | D18: 0.2 | E18: 0.35 | F18: 0.35 | G18: 0.1 | H18: 0 | I18: 0 | J18: 0 | K18: 0 | L18: 0 | M18: 0 | N18: 0 | O18: 0
D19: =D18*$C18 -> #REF! | E19: =E18*$C18 -> #REF! | F19: =F18*$C18 -> #REF! | G19: =G18*$C18 -> #REF! | H19: =H18*$C18 -> #REF! | I19: =I18*$C18 -> #REF! | J19: =J18*$C18 -> #REF! | K19: =K18*$C18 -> #REF! | ... O19: =O18*$C18 -> #REF!
A20: 4 | B20: =VLOOKUP(A20,#REF!,4) -> #REF! | C20: =VLOOKUP(A20,#REF!,9) -> #REF! | D20: 0.3 | E20: 0.3 | F20: 0.2 | G20: 0.2 | H20: 0 | I20: 0 | J20: 0 | K20: 0 | L20: 0 | M20: 0 | N20: 0 | O20: 0
D21: =D20*$C20 -> #REF! | E21: =E20*$C20 -> #REF! | F21: =F20*$C20 -> #REF! | G21: =G20*$C20 -> #REF! | H21: =H20*$C20 -> #REF! | I21: =I20*$C20 -> #REF! | J21: =J20*$C20 -> #REF! | K21: =K20*$C20 -> #REF! | ... O21: =O20*$C20 -> #REF!
A22: 5 | B22: =VLOOKUP(A22,#REF!,4) -> #REF! | C22: =VLOOKUP(A22,#REF!,9) -> #REF! | D22: 0 | E22: 0 | F22: 0.3 | G22: 0.7 | H22: 0 | I22: 0 | J22: 0 | K22: 0 | L22: 0 | M22: 0 | N22: 0 | O22: 0
D23: =D22*$C22 -> #REF! | E23: =E22*$C22 -> #REF! | F23: =F22*$C22 -> #REF! | G23: =G22*$C22 -> #REF! | H23: =H22*$C22 -> #REF! | I23: =I22*$C22 -> #REF! | J23: =J22*$C22 -> #REF! | K23: =K22*$C22 -> #REF! | ... O23: =O22*$C22 -> #REF!
B25: Custo Mensal | D25: =SUM(D21+D23+D19+D17+D15) -> #REF! | E25: =SUM(E21+E23+E19+E17+E15) -> #REF! | F25: =SUM(F21+F23+F19+F17+F15) -> #REF! | G25: =SUM(G21+G23+G19+G17+G15) -> #REF! | H25: =SUM(H21+H23+H19+H17+H15) -> #REF! | I25: =SUM(I21+I23+I19+I17+I15) -> #REF! | J25: =SUM(J21+J23+J19+J17+J15) -> #REF! | K25: =SUM(K21+K23+K19+K17+K15) -> #REF! | ... O25: =SUM(O21+O23+O19+O17+O15) -> #REF! | Q25: =C14/O28 -> #REF!
B26: % mensal | D26: =D25/$C$12 -> #REF! | E26: =E25/$C$12 -> #REF! | F26: =F25/$C$12 -> #REF! | G26: =G25/$C$12 -> #REF! | H26: =H25/$C$12 -> #REF! | I26: =I25/$C$12 -> #REF! | J26: =J25/$C$12 -> #REF! | K26: =K25/$C$12 -> #REF! | ... O26: =O25/$C$12 -> #REF! | Q26: =$Q$25*D25 -> #REF! | R26: =$Q$25*E25 -> #REF! | S26: =$Q$25*F25 -> #REF! | T26: =$Q$25*G25 -> #REF! | U26: =$Q$25*H25 -> #REF! | V26: =$Q$25*I25 -> #REF! | W26: =$Q$25*J25 -> #REF! | X26: =$Q$25*K25 -> #REF! | ... AB26: =$Q$25*O25 -> #REF!
B28: Custo Acumulado | D28: =D25 -> #REF! | E28: =E25+D28 -> #REF! | F28: =F25+E28 -> #REF! | G28: =G25+F28 -> #REF! | H28: =H25+G28 -> #REF! | I28: =I25+H28 -> #REF! | J28: =J25+I28 -> #REF! | K28: =K25+J28 -> #REF! | L28: =L25+K28 -> #REF! | ... O28: =O25+N28 -> #REF! | Q28: =Q26/$C$14 -> #REF! | R28: =R26/$C$14 -> #REF! | S28: =S26/$C$14 -> #REF! | T28: =T26/$C$14 -> #REF! | U28: =U26/$C$14 -> #REF! | V28: =V26/$C$14 -> #REF! | W28: =W26/$C$14 -> #REF! | X28: =X26/$C$14 -> #REF! | ... AB28: =AB26/$C$14 -> #REF!
B29: % acumulado | D29: =D28/$C$12 -> #REF! | E29: =E28/$C$12 -> #REF! | F29: =F28/$C$12 -> #REF! | G29: =G28/$C$12 -> #REF! | H29: =H28/$C$12 -> #REF! | I29: =I28/$C$12 -> #REF! | J29: =J28/$C$12 -> #REF! | K29: =K28/$C$12 -> #REF! | ... O29: =O28/$C$12 -> #REF!
A32: =DADOS!B5 -> SÃO FELIPE/BA | E32: =DADOS!B18 -> 46099
A33: Local | E33: Data
A41: Responsável Técnico
A42: Nome: | B42: =DADOS!B15 -> Eliabe Vitória
A43: Título: | B43: =DADOS!B16 -> Engenheiro Civil
A44: CREA/CAU: | B44: =DADOS!B17 -> CREA-BA 051487735-9

Sheet COMPOSIÇÕES
A1: LLES Engenharia e Projetos LTDA
A2: CNPJ 13.103.698/0001-12
A3: Rua Carlos Roque, 45, térreo – Centro – CEP 45.490-000, Laje - Ba TEL: (75) 97400 9292 – (75) 99805 2089, e-mail: contato@llesengenharia.com.br
A5: 01 – NOME DA PREFEITURA PROPONENTE: | E5: 02 – DESCRIÇÃO:
A6: =DADOS!B4 -> PREFEITURA MUNICIPAL DE SÃO FELIPE | E6: =DADOS!B8 -> REFORMA DE UNIDADES DE SAÚDE NO MUNICIPIO DE SÃO FELIPE:UNIDADE INOCÊNCIO
A7: 03 –LOCALIDADE: | E7: 04 –DATA: | G7: 05 - DATA-BASE: | I7: 06 - BDI
A8: =DADOS!B5 -> SÃO FELIPE/BA | E8: =DADOS!B18 -> 46099 | G8: =DADOS!B10 -> SINAPI - 01/2026 - Bahia ORSE - 12/2025 - Sergipe | I8: =DADOS!B11 -> 0.2035
A9: COMPOSIÇÕES PRÓPRIAS
A11: 6.2 | B11: Código | C11: Banco | D11: Descrição | E11: Tipo | G11: Und | H11: Quant. | I11: Valor Unit | J11: Total
A12: Composição | B12: COMP205 | C12: Próprio | D12: Piso tátil direcional e de alerta, em concreto colorido, p/deficientes visuais, dimensões 30x30cm, aplicado com argamassa industrializada ac-ii, rejuntado, exclusive regularização de base | E12: ASTU - ASSENTAMENTO DE TUBOS E PECAS | G12: m² | H12: 1 | I12: 58.13 | J12: 58.13
A13: Composição Auxiliar | B13: 88316 | C13: SINAPI | D13: SERVENTE COM ENCARGOS COMPLEMENTARES | E13: SEDI - SERVIÇOS DIVERSOS | G13: H | H13: 1.2 | I13: 19.92 | J13: 23.9
A14: Composição Auxiliar | B14: 88309 | C14: SINAPI | D14: PEDREIRO COM ENCARGOS COMPLEMENTARES | E14: SEDI - SERVIÇOS DIVERSOS | G14: H | H14: 0.5 | I14: 28.6 | J14: 14.3
A15: Insumo | B15: 00034357 | C15: SINAPI | D15: REJUNTE CIMENTICIO, QUALQUER COR | E15: Material | G15: KG | H15: 0.52 | I15: 4.63 | J15: 2.4
A16: Insumo | B16: 00034353 | C16: SINAPI | D16: ARGAMASSA COLANTE AC II | E16: Material | G16: KG | H16: 4 | I16: 1.47 | J16: 5.88
A17: Insumo | B17: 00036178 | C17: SINAPI | D17: PISO PODOTATIL DE CONCRETO - DIRECIONAL E ALERTA, *40 X 40 X 2,5* CM | E17: Material | G17: UN | H17: 1.05 | I17: 11.1 | J17: 11.65
E18: MO sem LS => | F18: 25.2 | G18: LS => | H18: 0 | I18: MO com LS => | J18: 25.2
E19: Valor do BDI => | F19: 13.16 | H19: Valor com BDI => | J19: 71.29
A21: 8.1 | B21: Código | C21: Banco | D21: Descrição | E21: Tipo | G21: Und | H21: Quant. | I21: Valor Unit | J21: Total
A22: Composição | B22: COMP7210 | C22: Próprio | D22: MURO DE ARRIMO DE ALVENARIA DE PEDRA ARGAMASSADA | E22: DROP - DRENAGEM/OBRAS DE CONTENÇÃO / POÇOS DE VISITA E CAIXAS | G22: m³ | H22: 1 | I22: 729.67 | J22: 729.67
A23: Composição Auxiliar | B23: 88309 | C23: SINAPI | D23: PEDREIRO COM ENCARGOS COMPLEMENTARES | E23: SEDI - SERVIÇOS DIVERSOS | G23: H | H23: 10.6 | I23: 28.6 | J23: 303.16
A24: Composição Auxiliar | B24: 88316 | C24: SINAPI | D24: SERVENTE COM ENCARGOS COMPLEMENTARES | E24: SEDI - SERVIÇOS DIVERSOS | G24: H | H24: 8.6 | I24: 19.92 | J24: 171.31
A25: Insumo | B25: 00000370 | C25: SINAPI | D25: AREIA MEDIA - POSTO JAZIDA/FORNECEDOR (RETIRADO NA JAZIDA, SEM TRANSPORTE) | E25: Material | G25: m³ | H25: 0.38 | I25: 115.01 | J25: 43.7
A26: Insumo | B26: 00001379 | C26: SINAPI | D26: CIMENTO PORTLAND COMPOSTO CP II-32 | E26: Material | G26: KG | H26: 116 | I26: 0.86 | J26: 99.76
A27: Insumo | B27: 00004730 | C27: SINAPI | D27: PEDRA DE MAO OU PEDRA RACHAO PARA ARRIMO/FUNDACAO (POSTO PEDREIRA/FORNECEDOR, SEM FRETE) | E27: Material | G27: m³ | H27: 1.2 | I27: 93.12 | J27: 111.74
E28: MO sem LS => | F28: 327.08 | G28: LS => | H28: 0 | I28: MO com LS => | J28: 327.08
E29: Valor do BDI => | F29: 165.27 | H29: Valor com BDI => | J29: 894.94
A33: =DADOS!B5 -> SÃO FELIPE/BA | H33: =DADOS!B18 -> 46099
A34: Local | H34: Data
A39: Responsável Técnico
A40: Nome: | C40: =DADOS!B15 -> Eliabe Vitória
A41: Título: | C41: =DADOS!B16 -> Engenheiro Civil
A42: CREA/CAU: | C42: =DADOS!B17 -> CREA-BA 051487735-9
A164: =DADOS!B5 -> SÃO FELIPE/BA | G164: =DADOS!B18 -> 46099
A165: Local | G165: Data
A171: Responsável Técnico
A172: Nome: | B172: =DADOS!B15 -> Eliabe Vitória
A173: Título: | B173: =DADOS!B16 -> Engenheiro Civil
A174: CREA/CAU: | B174: =DADOS!B17 -> CREA-BA 051487735-9

Sheet CRONOGRAMA 
A5: 01 – NOME DA PREFEITURA PROPONENTE: | C5: 02 – DESCRIÇÃO:
A6: =DADOS!B4 -> PREFEITURA MUNICIPAL DE SÃO FELIPE | C6: =DADOS!B8 -> REFORMA DE UNIDADES DE SAÚDE NO MUNICIPIO DE SÃO FELIPE:UNIDADE INOCÊNCIO
A7: 03 –LOCALIDADE: | C7: 04 –DATA:
A8: =DADOS!B5 -> SÃO FELIPE/BA | C8: =DADOS!B18 -> 46099
A10: CRONOGRAMA FÍSICO-FINANCEIRO
A12: Item | B12: Serviços | C12: =SUM(C14:C15) -> 295203.99 | D12: Peso | E12: 30 Dias | F12: 60 Dias | G12: 90 Dias | H12: 120 Dias | I12: 150 Dias
A14: 1 | B14: =DADOS!B8 -> REFORMA DE UNIDADES DE SAÚDE NO MUNICIPIO DE SÃO FELIPE:UNIDADE INOCÊNCIO | C14: ='INOCÉNCIO B. DE CARVALHO'!I82 -> 295203.99 | D14: =C14/$C$12 -> 1 | E14: 0.2 | F14: 0.2 | G14: 0.2 | H14: 0.2 | I14: 0.2
E15: =E14*$C14 -> 59040.798 | F15: =F14*$C14 -> 59040.798 | G15: =G14*$C14 -> 59040.798 | H15: =H14*$C14 -> 59040.798 | I15: =I14*$C14 -> 59040.798
B17: Custo Mensal | E17: =SUM(E15) -> 59040.798 | F17: =SUM(F15) -> 59040.798 | G17: =SUM(G15) -> 59040.798 | H17: =SUM(H15) -> 59040.798 | I17: =SUM(I15) -> 59040.798
B18: % mensal | E18: =E17/$C$12 -> 0.2 | F18: =F17/$C$12 -> 0.2 | G18: =G17/$C$12 -> 0.2 | H18: =H17/$C$12 -> 0.2 | I18: =I17/$C$12 -> 0.2
B20: Custo Acumulado | E20: =E17 -> 59040.798 | F20: =E20+F17 -> 118081.6 | G20: =F20+G17 -> 177122.39 | H20: =G20+H17 -> 236163.19 | I20: =H20+I17 -> 295203.99
B21: % acumulado | E21: =E20/$C$12 -> 0.2 | F21: =F20/$C$12 -> 0.4 | G21: =G20/$C$12 -> 0.6 | H21: =H20/$C$12 -> 0.8 | I21: =I20/$C$12 -> 1
A28: =DADOS!B5 -> SÃO FELIPE/BA
A29: Local
A33: Responsável Técnico
A34: Nome: | B34: =DADOS!B15 -> Eliabe Vitória
A35: Título: | B35: =DADOS!B16 -> Engenheiro Civil
A36: CREA/CAU: | B36: =DADOS!B17 -> CREA-BA 051487735-9

Sheet ORÇAMENTO ANALITICO
A6: PREFEITURA MUNICIPAL DE MURITIBA/BA | E6: 02 – DESCRIÇÃO:
A7: =DADOS!B4 -> PREFEITURA MUNICIPAL DE SÃO FELIPE | E7: =DADOS!B8 -> REFORMA DE UNIDADES DE SAÚDE NO MUNICIPIO DE SÃO FELIPE:UNIDADE INOCÊNCIO
A8: 03 –LOCALIDADE: | E8: 04 –DATA: | G8: 05 - DATA-BASE: | I8: 06 - BDI
A9: =DADOS!B5 -> SÃO FELIPE/BA | E9: =DADOS!B18 -> 46099 | G9: =DADOS!B10 -> SINAPI - 01/2026 - Bahia ORSE - 12/2025 - Sergipe | I9: =DADOS!B11 -> 0.2035
A11: Composições Analíticas com Preço Unitário
A12: Composições Principais
A13: 1.1 | B13: Código | C13: Banco | D13: Descrição | E13: Tipo | G13: Und | H13: Quant. | I13: Valor Unit | J13: Total
A14: Composição | B14: 90777 | C14: SINAPI | D14: ENGENHEIRO CIVIL DE OBRA JUNIOR COM ENCARGOS COMPLEMENTARES | E14: Livro SINAPI: Cálculos e Parâmetros | G14: H | H14: 1 | I14: 145.87 | J14: 145.87
A15: Composição Auxiliar | B15: 95402 | C15: SINAPI | D15: CURSO DE CAPACITAÇÃO PARA ENGENHEIRO CIVIL DE OBRA JÚNIOR (ENCARGOS COMPLEMENTARES) - HORISTA | E15: Livro SINAPI: Cálculos e Parâmetros | G15: H | H15: 1 | I15: 2.01 | J15: 2.01
A16: Insumo | B16: 00002706 | C16: SINAPI | D16: ENGENHEIRO CIVIL DE OBRA JUNIOR (HORISTA) | E16: Mão de Obra | G16: H | H16: 1 | I16: 136.36 | J16: 136.36
A17: Insumo | B17: 00037370 | C17: SINAPI | D17: ALIMENTACAO - HORISTA (COLETADO CAIXA - ENCARGOS COMPLEMENTARES) | E17: Encargos Complementares | G17: H | H17: 1 | I17: 5 | J17: 5
A18: Insumo | B18: 00037372 | C18: SINAPI | D18: EXAMES - HORISTA (COLETADO CAIXA - ENCARGOS COMPLEMENTARES) | E18: Encargos Complementares | G18: H | H18: 1 | I18: 1.49 | J18: 1.49
A19: Insumo | B19: 00037373 | C19: SINAPI | D19: SEGURO - HORISTA (COLETADO CAIXA - ENCARGOS COMPLEMENTARES) | E19: Encargos Complementares | G19: H | H19: 1 | I19: 0.11 | J19: 0.11
A20: Insumo | B20: 00043462 | C20: SINAPI | D20: FERRAMENTAS - FAMILIA ENGENHEIRO CIVIL - HORISTA (ENCARGOS COMPLEMENTARES - COLETADO CAIXA) | E20: Encargos Complementares | G20: H | H20: 1 | I20: 0.02 | J20: 0.02
A21: Insumo | B21: 00043486 | C21: SINAPI | D21: EPI - FAMILIA ENGENHEIRO CIVIL - HORISTA (ENCARGOS COMPLEMENTARES - COLETADO CAIXA) | E21: Encargos Complementares | G21: H | H21: 1 | I21: 0.88 | J21: 0.88
E22: MO sem LS => | F22: 138.37 | G22: LS => | H22: 0 | I22: MO com LS => | J22: 138.37
E23: Valor do BDI => | F23: 29.68 | H23: Valor com BDI => | J23: 175.55
A25: 1.2 | B25: Código | C25: Banco | D25: Descrição | E25: Tipo | G25: Und | H25: Quant. | I25: Valor Unit | J25: Total
A26: Composição | B26: 90776 | C26: SINAPI | D26: ENCARREGADO GERAL COM ENCARGOS COMPLEMENTARES | E26: Livro SINAPI: Cálculos e Parâmetros | G26: H | H26: 1 | I26: 47.2 | J26: 47.2
A27: Composição Auxiliar | B27: 95401 | C27: SINAPI | D27: CURSO DE CAPACITAÇÃO PARA ENCARREGADO GERAL (ENCARGOS COMPLEMENTARES) - HORISTA | E27: Livro SINAPI: Cálculos e Parâmetros | G27: H | H27: 1 | I27: 0.79 | J27: 0.79
A28: Insumo | B28: 00004083 | C28: SINAPI | D28: ENCARREGADO GERAL DE OBRAS (HORISTA) | E28: Mão de Obra | G28: H | H28: 1 | I28: 37.6 | J28: 37.6
A29: Insumo | B29: 00037370 | C29: SINAPI | D29: ALIMENTACAO - HORISTA (COLETADO CAIXA - ENCARGOS COMPLEMENTARES) | E29: Encargos Complementares | G29: H | H29: 1 | I29: 5 | J29: 5
A30: Insumo | B30: 00037371 | C30: SINAPI | D30: TRANSPORTE - HORISTA (COLETADO CAIXA - ENCARGOS COMPLEMENTARES) | E30: Encargos Complementares | G30: H | H30: 1 | I30: 0.88 | J30: 0.88
A31: Insumo | B31: 00037372 | C31: SINAPI | D31: EXAMES - HORISTA (COLETADO CAIXA - ENCARGOS COMPLEMENTARES) | E31: Encargos Complementares | G31: H | H31: 1 | I31: 1.49 | J31: 1.49
A32: Insumo | B32: 00037373 | C32: SINAPI | D32: SEGURO - HORISTA (COLETADO CAIXA - ENCARGOS COMPLEMENTARES) | E32: Encargos Complementares | G32: H | H32: 1 | I32: 0.11 | J32: 0.11
A33: Insumo | B33: 00043463 | C33: SINAPI | D33: FERRAMENTAS - FAMILIA ENCARREGADO GERAL - HORISTA (ENCARGOS COMPLEMENTARES - COLETADO CAIXA) | E33: Encargos Complementares | G33: H | H33: 1 | I33: 0.1 | J33: 0.1
A34: Insumo | B34: 00043487 | C34: SINAPI | D34: EPI - FAMILIA ENCARREGADO GERAL - HORISTA (ENCARGOS COMPLEMENTARES - COLETADO CAIXA) | E34: Encargos Complementares | G34: H | H34: 1 | I34: 1.23 | J34: 1.23
E35: MO sem LS => | F35: 38.39 | G35: LS => | H35: 0 | I35: MO com LS => | J35: 38.39
E36: Valor do BDI => | F36: 9.6 | H36: Valor com BDI => | J36: 56.8
A38: 1.3 | B38: Código | C38: Banco | D38: Descrição | E38: Tipo | G38: Und | H38: Quant. | I38: Valor Unit | J38: Total
A39: Composição | B39: 103689 | C39: SINAPI | D39: FORNECIMENTO E INSTALAÇÃO DE PLACA DE OBRA COM CHAPA GALVANIZADA E ESTRUTURA DE MADEIRA. AF_03/2022_PS | E39: Sinalização Vertical Viária | G39: m² | H39: 1 | I39: 448.88 | J39: 448.88
A40: Composição Auxiliar | B40: 102234 | C40: SINAPI | D40: PINTURA IMUNIZANTE PARA MADEIRA, 2 DEMÃOS. AF_01/2021 | E40: Pintura em Madeira | G40: m² | H40: 0.5 | I40: 25.97 | J40: 12.98
A41: Composição Auxiliar | B41: 88262 | C41: SINAPI | D41: CARPINTEIRO DE FORMAS COM ENCARGOS COMPLEMENTARES | E41: Livro SINAPI: Cálculos e Parâmetros | G41: H | H41: 0.3729 | I41: 33.68 | J41: 12.55
A42: Composição Auxiliar | B42: 88316 | C42: SINAPI | D42: SERVENTE COM ENCARGOS COMPLEMENTARES | E42: Livro SINAPI: Cálculos e Parâmetros | G42: H | H42: 1.1186 | I42: 25.81 | J42: 28.87
A43: Insumo | B43: 00004509 | C43: SINAPI | D43: SARRAFO *2,5 X 10* CM EM PINUS, MISTA OU EQUIVALENTE DA REGIAO - BRUTA | E43: Material | G43: M | H43: 3.2083 | I43: 5.12 | J43: 16.42
A44: Insumo | B44: 00004813 | C44: SINAPI | D44: PLACA DE OBRA (PARA CONSTRUCAO CIVIL) EM CHAPA GALVANIZADA *N. 22*, ADESIVADA, DE *2,4 X 1,2* M (SEM POSTES PARA FIXACAO) | E44: Material | G44: m² | H44: 1 | I44: 377.5 | J44: 377.5
A45: Insumo | B45: 00005065 | C45: SINAPI | D45: PREGO DE ACO POLIDO COM CABECA 10 X 10 (7/8 X 17) | E45: Material | G45: KG | H45: 0.0113 | I45: 31.04 | J45: 0.35
A46: Insumo | B46: 00005069 | C46: SINAPI | D46: PREGO DE ACO POLIDO COM CABECA 17 X 27 (2 1/2 X 11) | E46: Material | G46: KG | H46: 0.0132 | I46: 16.63 | J46: 0.21
E47: MO sem LS => | F47: 33.05 | G47: LS => | H47: 0 | I47: MO com LS => | J47: 33.05
E48: Valor do BDI => | F48: 91.34 | H48: Valor com BDI => | J48: 540.22
A50: 1.4 | B50: Código | C50: Banco | D50: Descrição | E50: Tipo | G50: Und | H50: Quant. | I50: Valor Unit | J50: Total
A51: Composição | B51: 103247 | C51: SINAPI | D51: AR CONDICIONADO SPLIT INVERTER, HI-WALL (PAREDE), 12000 BTU/H, CICLO FRIO - FORNECIMENTO E INSTALAÇÃO. AF_11/2021_PE | E51: Instalações de ar condicionado | G51: UN | H51: 1 | I51: 2777.74 | J51: 2777.74
A52: Composição Auxiliar | B52: 100308 | C52: SINAPI | D52: MECÂNICO DE REFRIGERAÇÃO COM ENCARGOS COMPLEMENTARES | E52: Livro SINAPI: Cálculos e Parâmetros | G52: H | H52: 2.3334 | I52: 32.43 | J52: 75.67
A53: Composição Auxiliar | B53: 88243 | C53: SINAPI | D53: AJUDANTE ESPECIALIZADO COM ENCARGOS COMPLEMENTARES | E53: Livro SINAPI: Cálculos e Parâmetros | G53: H | H53: 2.3334 | I53: 27.41 | J53: 63.95
A54: Insumo | B54: 00001570 | C54: SINAPI | D54: TERMINAL A COMPRESSAO EM COBRE ESTANHADO PARA CABO 2,5 MM2, 1 FURO E 1 COMPRESSAO, PARA PARAFUSO DE FIXACAO M5 | E54: Material | G54: UN | H54: 10 | I54: 0.84 | J54: 8.4
A55: Insumo | B55: 00007568 | C55: SINAPI | D55: BUCHA DE NYLON SEM ABA S10, COM PARAFUSO DE 6,10 X 65 MM EM ACO ZINCADO COM ROSCA SOBERBA, CABECA CHATA E FENDA PHILLIPS | E55: Material | G55: UN | H55: 9 | I55: 0.61 | J55: 5.49
A56: Insumo | B56: 00011976 | C56: SINAPI | D56: CHUMBADOR DE ACO ZINCADO, DIAMETRO 1/4" COM PARAFUSO 1/4" X 40 MM | E56: Material | G56: UN | H56: 6 | I56: 1.3 | J56: 7.8
A57: Insumo | B57: 00013246 | C57: SINAPI | D57: PARAFUSO DE ACO ZINCADO, SEXTAVADO, COM ROSCA INTEIRA, DIAMETRO 5/16", COMPRIMENTO 3/4", COM PORCA E ARRUELA LISA LEVE | E57: Material | G57: UN | H57: 4 | I57: 0.49 | J57: 1.96
A58: Insumo | B58: 00037591 | C58: SINAPI | D58: SUPORTE MAO-FRANCESA EM ACO, ABAS IGUAIS 40 CM, CAPACIDADE MINIMA 70 KG, BRANCO | E58: Material | G58: UN | H58: 2 | I58: 23.91 | J58: 47.82
A59: Insumo | B59: 00042425 | C59: SINAPI | D59: AR CONDICIONADO SPLIT INVERTER, HI-WALL (PAREDE), 12000 BTU/H, CICLO FRIO, 60HZ, CLASSIFICACAO A (SELO PROCEL), GAS HFC, CONTROLE S/FIO | E59: Equipamento para Aquisição Permanente | G59: UN | H59: 1 | I59: 2566.65 | J59: 2566.65
E60: MO sem LS => | F60: 95.24 | G60: LS => | H60: 0 | I60: MO com LS => | J60: 95.24
E61: Valor do BDI => | F61: 565.27 | H61: Valor com BDI => | J61: 3343.01
A63: 1.5 | B63: Código | C63: Banco | D63: Descrição | E63: Tipo | G63: Und | H63: Quant. | I63: Valor Unit | J63: Total
A64: Composição | B64: 2104 | C64: ORSE | D64: Pia de cozinha com bancada em aço inox, dim 1,40x0,60, com 01 cuba, sifão cromado, válvula cromada, torneira cromada, concretada e assentada. | E64: Louças e Metais Sanitários | G64: un | H64: 1 | I64: 1103.95 | J64: 1103.95
A65: Composição Auxiliar | B65: 126 | C65: ORSE | D65: Concreto simples fabricado na obra, fck=15 mpa, lançado e adensado | E65: Concreto Simples | G65: m³ | H65: 0.042 | I65: 739.88 | J65: 31.07
A66: Composição Auxiliar | B66: 141 | C66: ORSE | D66: Aço CA - 60 Ø 4,2 a 9,5mm, inclusive corte, dobragem, montagem e colocacao deferragens nas formas, para superestruturas e fundações - R1 | E66: Armaduras Convencionais | G66: kg | H66: 3.36 | I66: 13.37 | J66: 44.92
A67: Composição Auxiliar | B67: 88316 | C67: SINAPI | D67: SERVENTE COM ENCARGOS COMPLEMENTARES | E67: Livro SINAPI: Cálculos e Parâmetros | G67: H | H67: 2 | I67: 25.81 | J67: 51.62
A68: Composição Auxiliar | B68: 88309 | C68: SINAPI | D68: PEDREIRO COM ENCARGOS COMPLEMENTARES | E68: Livro SINAPI: Cálculos e Parâmetros | G68: H | H68: 2 | I68: 34.28 | J68: 68.56
A69: Insumo | B69: 00002696 | C69: SINAPI | D69: ENCANADOR OU BOMBEIRO HIDRAULICO (HORISTA) | E69: Mão de Obra | G69: H | H69: 2 | I69: 24.29 | J69: 48.58
A70: Insumo | B70: 00006157 | C70: SINAPI | D70: VALVULA EM METAL CROMADO PARA PIA AMERICANA 3.1/2 X 1.1/2" | E70: Material | G70: UN | H70: 1 | I70: 50.79 | J70: 50.79
A71: Insumo | B71: 14004 | C71: ORSE | D71: Torneira p/ pia cozinha d=1/2" (Linha Max, Deca, ref.1159-C34 ou similar) | E71: Material | G71: un | H71: 1 | I71: 186.45 | J71: 186.45
A72: Insumo | B72: 2016 | C72: ORSE | D72: Sifão para pia de cozinha ou tanque, DECA ref. 1680.C112, acabamento cromado 1 1/2 x 1 1/2 ou similar. | E72: Material | G72: un | H72: 1 | I72: 347.9 | J72: 347.9
A73: Insumo | B73: 2089 | C73: ORSE | D73: Pia de cozinha em aço inox 1,40x0,60m c/ 1 cuba, sem valvula (padrão comercial) | E73: Material | G73: un | H73: 1 | I73: 249 | J73: 249
A74: Insumo | B74: 9964 | C74: ORSE | D74: Perfil Alumínio, Tubo Retangular 50,80mm x 25,40mm x 1,20mm (0,484kg/m) | E74: Material | G74: m | H74: 1.2 | I74: 20.89 | J74: 25.06
E75: MO sem LS => | F75: 146.68 | G75: LS => | H75: 0 | I75: MO com LS => | J75: 146.68
E76: Valor do BDI => | F76: 224.65 | H76: Valor com BDI => | J76: 1328.6
A78: 1.6 | B78: Código | C78: Banco | D78: Descrição | E78: Tipo | G78: Und | H78: Quant. | I78: Valor Unit | J78: Total
A79: Composição | B79: 89867 | C79: SINAPI | D79: JOELHO 45 GRAUS, PVC, SOLDÁVEL, DN 25MM, INSTALADO EM DRENO DE AR-CONDICIONADO - FORNECIMENTO E INSTALAÇÃO. AF_08/2022 | E79: Drenagem de ar condicionado | G79: UN | H79: 1 | I79: 8.99 | J79: 8.99
A80: Composição Auxiliar | B80: 88248 | C80: SINAPI | D80: AUXILIAR DE ENCANADOR OU BOMBEIRO HIDRÁULICO COM ENCARGOS COMPLEMENTARES | E80: Livro SINAPI: Cálculos e Parâmetros | G80: H | H80: 0.1106 | I80: 26.27 | J80: 2.9
A81: Composição Auxiliar | B81: 88267 | C81: SINAPI | D81: ENCANADOR OU BOMBEIRO HIDRÁULICO COM ENCARGOS COMPLEMENTARES | E81: Livro SINAPI: Cálculos e Parâmetros | G81: H | H81: 0.1106 | I81: 33.8 | J81: 3.73
A82: Insumo | B82: 00000122 | C82: SINAPI | D82: ADESIVO PLASTICO PARA PVC, FRASCO COM *850* GR | E82: Material | G82: UN | H82: 0.0071 | I82: 62.71 | J82: 0.44
A83: Insumo | B83: 00003500 | C83: SINAPI | D83: JOELHO, PVC SOLDAVEL, 45 GRAUS, 25 MM, COR MARROM, PARA AGUA FRIA PREDIAL | E83: Material | G83: UN | H83: 1 | I83: 1.35 | J83: 1.35
A84: Insumo | B84: 00020083 | C84: SINAPI | D84: SOLUCAO PREPARADORA / LIMPADORA PARA PVC, FRASCO COM 1000 CM3 | E84: Material | G84: UN | H84: 0.008 | I84: 71.04 | J84: 0.56
A85: Insumo | B85: 00038383 | C85: SINAPI | D85: LIXA D'AGUA EM FOLHA, COR PRETA, GRAO 100 | E85: Material | G85: UN | H85: 0.0061 | I85: 1.96 | J85: 0.01
E86: MO sem LS => | F86: 4.63 | G86: LS => | H86: 0 | I86: MO com LS => | J86: 4.63
E87: Valor do BDI => | F87: 1.82 | H87: Valor com BDI => | J87: 10.81
A89: 1.7 | B89: Código | C89: Banco | D89: Descrição | E89: Tipo | G89: Und | H89: Quant. | I89: Valor Unit | J89: Total
A90: Composição | B90: 104325 | C90: SINAPI | D90: CAIXA DE PASSAGEM PARA AR CONDICIONADO - FORNECIMENTO E INSTALAÇÃO. | E90: Drenagem de ar condicionado | G90: UN | H90: 1 | I90: 59.35 | J90: 59.35
A91: Composição Auxiliar | B91: 88248 | C91: SINAPI | D91: AUXILIAR DE ENCANADOR OU BOMBEIRO HIDRÁULICO COM ENCARGOS COMPLEMENTARES | E91: Livro SINAPI: Cálculos e Parâmetros | G91: H | H91: 0.4898 | I91: 26.27 | J91: 12.86
A92: Composição Auxiliar | B92: 88267 | C92: SINAPI | D92: ENCANADOR OU BOMBEIRO HIDRÁULICO COM ENCARGOS COMPLEMENTARES | E92: Livro SINAPI: Cálculos e Parâmetros | G92: H | H92: 0.4898 | I92: 33.8 | J92: 16.55
A93: Insumo | B93: 00003148 | C93: SINAPI | D93: FITA VEDA ROSCA, EM PTFE, ROLO DE 18 MM X 50 M (L X C) | E93: Material | G93: UN | H93: 0.0066 | I93: 13.61 | J93: 0.08
A94: Insumo | B94: 00039771 | C94: SINAPI | D94: CAIXA DE PASSAGEM METALICA DE SOBREPOR COM TAMPA PARAFUSADA, DIMENSOES 20 X 20 X 10 CM | E94: Material | G94: UN | H94: 1 | I94: 29.86 | J94: 29.86
E95: MO sem LS => | F95: 20.51 | G95: LS => | H95: 0 | I95: MO com LS => | J95: 20.51
E96: Valor do BDI => | F96: 12.07 | H96: Valor com BDI => | J96: 71.42
A98: 1.8 | B98: Código | C98: Banco | D98: Descrição | E98: Tipo | G98: Und | H98: Quant. | I98: Valor Unit | J98: Total
A99: Composição | B99: 89868 | C99: SINAPI | D99: LUVA, PVC, SOLDÁVEL, DN 25MM, INSTALADO EM DRENO DE AR-CONDICIONADO - FORNECIMENTO E INSTALAÇÃO. AF_08/2022 | E99: Drenagem de ar condicionado | G99: UN | H99: 1 | I99: 6.17 | J99: 6.17
A100: Composição Auxiliar | B100: 88248 | C100: SINAPI | D100: AUXILIAR DE ENCANADOR OU BOMBEIRO HIDRÁULICO COM ENCARGOS COMPLEMENTARES | E100: Livro SINAPI: Cálculos e Parâmetros | G100: H | H100: 0.0737 | I100: 26.27 | J100: 1.93
A101: Composição Auxiliar | B101: 88267 | C101: SINAPI | D101: ENCANADOR OU BOMBEIRO HIDRÁULICO COM ENCARGOS COMPLEMENTARES | E101: Livro SINAPI: Cálculos e Parâmetros | G101: H | H101: 0.0737 | I101: 33.8 | J101: 2.49
A102: Insumo | B102: 00000122 | C102: SINAPI | D102: ADESIVO PLASTICO PARA PVC, FRASCO COM *850* GR | E102: Material | G102: UN | H102: 0.0071 | I102: 62.71 | J102: 0.44
A103: Insumo | B103: 00003904 | C103: SINAPI | D103: LUVA PVC SOLDAVEL, 25 MM, PARA AGUA FRIA PREDIAL | E103: Material | G103: UN | H103: 1 | I103: 0.74 | J103: 0.74
A104: Insumo | B104: 00020083 | C104: SINAPI | D104: SOLUCAO PREPARADORA / LIMPADORA PARA PVC, FRASCO COM 1000 CM3 | E104: Material | G104: UN | H104: 0.008 | I104: 71.04 | J104: 0.56
A105: Insumo | B105: 00038383 | C105: SINAPI | D105: LIXA D'AGUA EM FOLHA, COR PRETA, GRAO 100 | E105: Material | G105: UN | H105: 0.0061 | I105: 1.96 | J105: 0.01
E106: MO sem LS => | F106: 3.08 | G106: LS => | H106: 0 | I106: MO com LS => | J106: 3.08
E107: Valor do BDI => | F107: 1.25 | H107: Valor com BDI => | J107: 7.42
A109: 1.9 | B109: Código | C109: Banco | D109: Descrição | E109: Tipo | G109: Und | H109: Quant. | I109: Valor Unit | J109: Total
A110: Composição | B110: 89865 | C110: SINAPI | D110: TUBO, PVC, SOLDÁVEL, DE 25MM, INSTALADO EM DRENO DE AR-CONDICIONADO - FORNECIMENTO E INSTALAÇÃO. AF_08/2022 | E110: Drenagem de ar condicionado | G110: M | H110: 1 | I110: 19.28 | J110: 19.28
A111: Composição Auxiliar | B111: 88248 | C111: SINAPI | D111: AUXILIAR DE ENCANADOR OU BOMBEIRO HIDRÁULICO COM ENCARGOS COMPLEMENTARES | E111: Livro SINAPI: Cálculos e Parâmetros | G111: H | H111: 0.2552 | I111: 26.27 | J111: 6.7
A112: Composição Auxiliar | B112: 88267 | C112: SINAPI | D112: ENCANADOR OU BOMBEIRO HIDRÁULICO COM ENCARGOS COMPLEMENTARES | E112: Livro SINAPI: Cálculos e Parâmetros | G112: H | H112: 0.2552 | I112: 33.8 | J112: 8.62
A113: Insumo | B113: 00009868 | C113: SINAPI | D113: TUBO PVC, SOLDAVEL, DE 25 MM, AGUA FRIA (NBR-5648) | E113: Material | G113: M | H113: 1.0549 | I113: 3.74 | J113: 3.94
A114: Insumo | B114: 00038383 | C114: SINAPI | D114: LIXA D'AGUA EM FOLHA, COR PRETA, GRAO 100 | E114: Material | G114: UN | H114: 0.0142 | I114: 1.96 | J114: 0.02
...

Sheet PLANILHA REPROGRAMAÇÃO
A1: LLES Engenharia e Projetos LTDA
A2: CNPJ 13.103.698/0001-12
A3: Rua Carlos Roque, 45, térreo – Centro – CEP 45-490-000, Laje - Ba TEL: (75) 99989 6598 – (75) 99805 2089, e-mail: contato@llesengenharia.com.br
A5: 01 – NOME DA PREFEITURA PROPONENTE: | E5: 02 – DESCRIÇÃO:
A6: =DADOS!B4 -> PREFEITURA MUNICIPAL DE SÃO FELIPE | E6: =DADOS!B8 -> REFORMA DE UNIDADES DE SAÚDE NO MUNICIPIO DE SÃO FELIPE:UNIDADE INOCÊNCIO
A7: 03 –LOCALIDADE: | E7: 04 –DATA: | G7: 05 - BANCOS: | I7: 06 - BDI
A8: =DADOS!B5 -> SÃO FELIPE/BA | E8: =DADOS!B18 -> 46099 | G8: =DADOS!B10 -> SINAPI - 01/2026 - Bahia ORSE - 12/2025 - Sergipe | I8: =DADOS!B11 -> 0.2035
A10: PLANILHA ORÇAMENTÁRIA - REPROGRAMAÇÃO
A12: Item | B12: Código | C12: Banco | D12: Descrição | E12: Und | F12: Quant. Licitada | G12: Valor Unit com BDI | H12: Total Licitado | I12: Quant. Suprimida | J12: Quant. Acrescida | K12: Quant. Reprogramada | L12: Valor Suprimido | M12: Valor Acrescido | N12: Total Reprogramado
A13: 1 | D13: SERVIÇOS PRELIMINARES
H14: =ROUND(G14*F14,2) -> 0 | K14: =F14-I14+J14 -> 0 | L14: =ROUND(I14*G14,2) -> 0 | M14: =ROUND(J14*G14,2) -> 0 | N14: =ROUND(K14*G14,2) -> 0
H15: =ROUND(G15*F15,2) -> 0 | K15: =F15-I15+J15 -> 0 | L15: =ROUND(I15*G15,2) -> 0 | M15: =ROUND(J15*G15,2) -> 0 | N15: =ROUND(K15*G15,2) -> 0
H16: =ROUND(G16*F16,2) -> 0 | K16: =F16-I16+J16 -> 0 | L16: =ROUND(I16*G16,2) -> 0 | M16: =ROUND(J16*G16,2) -> 0 | N16: =ROUND(K16*G16,2) -> 0
H17: =ROUND(G17*F17,2) -> 0 | K17: =F17-I17+J17 -> 0 | L17: =ROUND(I17*G17,2) -> 0 | M17: =ROUND(J17*G17,2) -> 0 | N17: =ROUND(K17*G17,2) -> 0
H18: =ROUND(G18*F18,2) -> 0 | K18: =F18-I18+J18 -> 0 | L18: =ROUND(I18*G18,2) -> 0 | M18: =ROUND(J18*G18,2) -> 0 | N18: =ROUND(K18*G18,2) -> 0
H19: =ROUND(G19*F19,2) -> 0 | K19: =F19-I19+J19 -> 0 | L19: =ROUND(I19*G19,2) -> 0 | M19: =ROUND(J19*G19,2) -> 0 | N19: =ROUND(K19*G19,2) -> 0
H20: =ROUND(G20*F20,2) -> 0 | K20: =F20-I20+J20 -> 0 | L20: =ROUND(I20*G20,2) -> 0 | M20: =ROUND(J20*G20,2) -> 0 | N20: =ROUND(K20*G20,2) -> 0
H21: =ROUND(G21*F21,2) -> 0 | K21: =F21-I21+J21 -> 0 | L21: =ROUND(I21*G21,2) -> 0 | M21: =ROUND(J21*G21,2) -> 0 | N21: =ROUND(K21*G21,2) -> 0
H22: =ROUND(G22*F22,2) -> 0 | K22: =F22-I22+J22 -> 0 | L22: =ROUND(I22*G22,2) -> 0 | M22: =ROUND(J22*G22,2) -> 0 | N22: =ROUND(K22*G22,2) -> 0
H23: =ROUND(G23*F23,2) -> 0 | K23: =F23-I23+J23 -> 0 | L23: =ROUND(I23*G23,2) -> 0 | M23: =ROUND(J23*G23,2) -> 0 | N23: =ROUND(K23*G23,2) -> 0
H24: =ROUND(G24*F24,2) -> 0 | K24: =F24-I24+J24 -> 0 | L24: =ROUND(I24*G24,2) -> 0 | M24: =ROUND(J24*G24,2) -> 0 | N24: =ROUND(K24*G24,2) -> 0
H25: =ROUND(G25*F25,2) -> 0 | K25: =F25-I25+J25 -> 0 | L25: =ROUND(I25*G25,2) -> 0 | M25: =ROUND(J25*G25,2) -> 0 | N25: =ROUND(K25*G25,2) -> 0
... H63: =ROUND(G63*F63,2) -> 0 | K63: =F63-I63+J63 -> 0 | L63: =ROUND(I63*G63,2) -> 0 | M63: =ROUND(J63*G63,2) -> 0 | N63: =ROUND(K63*G63,2) -> 0
L65: TOTAL LICITADO:
L67: Valor Suprimido:
L68: Valor Acrescido:
L70: TOTAL REPROGRAMADO: | N70: =N65-N67+N68 -> 0
L71: TOTAL DO ADITIVO: | N71: =N70-N65 -> 0
A73: =DADOS!B5 -> SÃO FELIPE/BA | J73: =DADOS!B18 -> 46099
A74: Local | J74: Data
A82: Responsável Técnico
A83: Nome: | C83: =DADOS!B40 -> 0
A84: Título: | C84: =DADOS!B41 -> 0
A85: CREA/CAU: | C85: =DADOS!B42 -> 0

Sheet PLANILHA SERVIÇOS EXTRAS
A1: LLES Engenharia e Projetos LTDA
A2: CNPJ 13.103.698/0001-12
A3: Rua Carlos Roque, 45, térreo – Centro – CEP 45-490-000, Laje - Ba TEL: (75) 99989 6598 – (75) 99805 2089, e-mail: contato@llesengenharia.com.br
M4: BDI | N4: =DADOS!B12 -> 1.2035
A5: 01 – NOME DA PREFEITURA PROPONENTE: | E5: 02 – DESCRIÇÃO:
A6: =DADOS!B4 -> PREFEITURA MUNICIPAL DE SÃO FELIPE | E6: =DADOS!B8 -> REFORMA DE UNIDADES DE SAÚDE NO MUNICIPIO DE SÃO FELIPE:UNIDADE INOCÊNCIO | M6: Kappa PLANILHA: | N6: 1
A7: 03 –LOCALIDADE: | E7: 04 –DATA: | G7: 05 - BANCOS: | I7: 06 - BDI
A8: =DADOS!B5 -> SÃO FELIPE/BA | E8: =DADOS!B18 -> 46099 | G8: =DADOS!B10 -> SINAPI - 01/2026 - Bahia ORSE - 12/2025 - Sergipe | I8: =DADOS!B11 -> 0.2035 | M8: Kappa EMPRESA: | N8: 1
A9: SERVIÇOS EXTRAS
A11: Item | B11: Código | C11: Banco | D11: Descrição | E11: Und | F11: Quant. | G11: Valor Unit CHEIO | H11: Valor Unit PLANILHA | I11: Valor Unit EMPRESA | J11: Valor Unit com BDI | K11: Total
A12: 1 | D12: SERVIÇOS EXTRA | K12: =SUM(K13:K32) -> 0
H13: =ROUND(G13*$N$6,2) -> 0 | I13: =ROUND(H13*$N$8,2) -> 0 | J13: =ROUND(I13*$N$4,2) -> 0 | K13: =ROUND(J13*F13,2) -> 0
H14: =ROUND(G14*$N$6,2) -> 0 | I14: =ROUND(H14*$N$8,2) -> 0 | J14: =ROUND(I14*$N$4,2) -> 0 | K14: =ROUND(J14*F14,2) -> 0
H15: =ROUND(G15*$N$6,2) -> 0 | I15: =ROUND(H15*$N$8,2) -> 0 | J15: =ROUND(I15*$N$4,2) -> 0 | K15: =ROUND(J15*F15,2) -> 0
H16: =ROUND(G16*$N$6,2) -> 0 | I16: =ROUND(H16*$N$8,2) -> 0 | J16: =ROUND(I16*$N$4,2) -> 0 | K16: =ROUND(J16*F16,2) -> 0
H17: =ROUND(G17*$N$6,2) -> 0 | I17: =ROUND(H17*$N$8,2) -> 0 | J17: =ROUND(I17*$N$4,2) -> 0 | K17: =ROUND(J17*F17,2) -> 0
H18: =ROUND(G18*$N$6,2) -> 0 | I18: =ROUND(H18*$N$8,2) -> 0 | J18: =ROUND(I18*$N$4,2) -> 0 | K18: =ROUND(J18*F18,2) -> 0
H19: =ROUND(G19*$N$6,2) -> 0 | I19: =ROUND(H19*$N$8,2) -> 0 | J19: =ROUND(I19*$N$4,2) -> 0 | K19: =ROUND(J19*F19,2) -> 0
H20: =ROUND(G20*$N$6,2) -> 0 | I20: =ROUND(H20*$N$8,2) -> 0 | J20: =ROUND(I20*$N$4,2) -> 0 | K20: =ROUND(J20*F20,2) -> 0
H21: =ROUND(G21*$N$6,2) -> 0 | I21: =ROUND(H21*$N$8,2) -> 0 | J21: =ROUND(I21*$N$4,2) -> 0 | K21: =ROUND(J21*F21,2) -> 0
H22: =ROUND(G22*$N$6,2) -> 0 | I22: =ROUND(H22*$N$8,2) -> 0 | J22: =ROUND(I22*$N$4,2) -> 0 | K22: =ROUND(J22*F22,2) -> 0
H23: =ROUND(G23*$N$6,2) -> 0 | I23: =ROUND(H23*$N$8,2) -> 0 | J23: =ROUND(I23*$N$4,2) -> 0 | K23: =ROUND(J23*F23,2) -> 0
H24: =ROUND(G24*$N$6,2) -> 0 | I24: =ROUND(H24*$N$8,2) -> 0 | J24: =ROUND(I24*$N$4,2) -> 0 | K24: =ROUND(J24*F24,2) -> 0
... H32: =ROUND(G32*$N$6,2) -> 0 | I32: =ROUND(H32*$N$8,2) -> 0 | J32: =ROUND(I32*$N$4,2) -> 0 | K32: =ROUND(J32*F32,2) -> 0
G33: Total sem BDI: | K33: =ROUND(K35/$N$4,2) -> 0
G34: Total do BDI: | K34: =K35-K33 -> 0
G35: TOTAL GERAL: | K35: =K12 -> 0
A38: =DADOS!B5 -> SÃO FELIPE/BA | G38: =DADOS!B18 -> 46099
A39: Local | G39: Data
A45: Responsável Técnico
A46: Nome: | C46: =DADOS!B15 -> Eliabe Vitória
A47: Título: | C47: =DADOS!B16 -> Engenheiro Civil
A48: CREA/CAU: | C48: =DADOS!B17 -> CREA-BA 051487735-9

Sheet PLANILHA CONTROLE
A1: LLES Engenharia e Projetos LTDA
A2: CNPJ 13.103.698/0001-12
A3: Rua Carlos Roque, 45, térreo – Centro – CEP 45-490-000, Laje - Ba TEL: (75) 99989 6598 – (75) 99805 2089, e-mail: contato@llesengenharia.com.br | N3: Nº DA MEDIÇÃO
N4: 1
A5: 01 – NOME DA PREFEITURA PROPONENTE: | E5: 02 – DESCRIÇÃO:
A6: =DADOS!B4 -> PREFEITURA MUNICIPAL DE SÃO FELIPE | E6: =DADOS!B8 -> REFORMA DE UNIDADES DE SAÚDE NO MUNICIPIO DE SÃO FELIPE:UNIDADE INOCÊNCIO | J6: EMPRESA: | L6: VALOR DO CONTRATO: | N6: PERÍODO DA MEDIÇÃO:
A7: 03 –LOCALIDADE: | E7: 04 –DATA: | G7: 05 - BANCOS: | H7: 6 - BDI: | J7: =DADOS!B28 -> 0
A8: =DADOS!B5 -> SÃO FELIPE/BA | E8: =DADOS!B18 -> 46099 | G8: =DADOS!B10 -> SINAPI - 01/2026 - Bahia ORSE - 12/2025 - Sergipe | H8: =DADOS!B11 -> 0.2035 | J8: Nº DO CONTRATO: | L8: SALDO: | N8: VALOR DA MEDIÇÃO
J9: =DADOS!B30 -> 0 | N9: =N60 -> 0
A10: BOLETIM DE MEDIÇÃO
A12: Item | B12: Código | C12: Banco | D12: Descrição | E12: Und | F12: Quant. Licitada | G12: Valor Unit com BDI | H12: Total | J12: FÍSICO | M12: FINANCEIRO
A13: 1 | D13: SERVIÇOS PRELIMINARES | J13: ANTERIOR | K13: PERÍODO | L13: ACUMULADO | M13: ANTERIOR | N13: PERÍODO | O13: ACUMULADO
M14: =ROUND(J14*G14,2) -> 0 | N14: =ROUND(K14*G14,2) -> 0 | O14: =M14+N14 -> 0
M15: =ROUND(J15*G15,2) -> 0 | N15: =ROUND(K15*G15,2) -> 0 | O15: =M15+N15 -> 0
M16: =ROUND(J16*G16,2) -> 0 | N16: =ROUND(K16*G16,2) -> 0 | O16: =M16+N16 -> 0
M17: =ROUND(J17*G17,2) -> 0 | N17: =ROUND(K17*G17,2) -> 0 | O17: =M17+N17 -> 0
M18: =ROUND(J18*G18,2) -> 0 | N18: =ROUND(K18*G18,2) -> 0 | O18: =M18+N18 -> 0
M19: =ROUND(J19*G19,2) -> 0 | N19: =ROUND(K19*G19,2) -> 0 | O19: =M19+N19 -> 0
M20: =ROUND(J20*G20,2) -> 0 | N20: =ROUND(K20*G20,2) -> 0 | O20: =M20+N20 -> 0
M21: =ROUND(J21*G21,2) -> 0 | N21: =ROUND(K21*G21,2) -> 0 | O21: =M21+N21 -> 0
M22: =ROUND(J22*G22,2) -> 0 | N22: =ROUND(K22*G22,2) -> 0 | O22: =M22+N22 -> 0
M23: =ROUND(J23*G23,2) -> 0 | N23: =ROUND(K23*G23,2) -> 0 | O23: =M23+N23 -> 0
M24: =ROUND(J24*G24,2) -> 0 | N24: =ROUND(K24*G24,2) -> 0 | O24: =M24+N24 -> 0
M25: =ROUND(J25*G25,2) -> 0 | N25: =ROUND(K25*G25,2) -> 0 | O25: =M25+N25 -> 0
... M56: =ROUND(J56*G56,2) -> 0 | N56: =ROUND(K56*G56,2) -> 0 | O56: =M56+N56 -> 0
H58: TOTAL GERAL | M58: TOTAIS
M59: ANTERIOR | N59: PERÍODO | O59: ACUMULADO
H60: =SUM(H14:H56) -> 0 | M60: =SUM(M15:M56) -> 0 | N60: =SUM(N15:N56) -> 0 | O60: =SUM(O15:O56) -> 0
A63: =DADOS!B5 -> SÃO FELIPE/BA | F63: =DADOS!B18 -> 46099
A64: Local | F64: Data
A72: Responsável Técnico
A73: Nome: | C73: =DADOS!B40 -> 0
A74: Título: | C74: =DADOS!B41 -> 0
A75: CREA/CAU: | C75: =DADOS!B42 -> 0
